 Dungeon Crawl Stone Soup version 0.32-a0-630-g46d191b0ed (console) character file.

Game seed: 4184053010162719729

790075 petzl the Sorcerer (level 27, -6/214 HPs)
             Began as a Formicid Delver on Mar 6, 2024.
             Was the Champion of Vehumet.
             Killed by divine providence
             ... invoked by a daeva
              (12 damage)
             ... in Pandemonium on Mar 20, 2024.
             The game lasted 18:01:36 (138605 turns).

petzl the Sorcerer (Formicid Delver)              Turns: 138605, Time: 18:01:36

Health: -6/214     AC: 22    Str: 23    XL:     27
Magic:  34/50      EV: 32    Int: 36    God:    Vehumet [******]
Gold:   3904       SH: 20    Dex: 16    Spells: 4/73 levels left

rFire   + + +        a - staff of Evil {rPois rF+ Int+7 Fire Earth}
rCold   . . .        F - +5 kite shield {reflect}
rNeg    + + +        l - quicksilver dragon scales
rPois   +            (helmet unavailable)
rElec   +            J - +2 cloak "Geskup" {rN+ Int+8 Slay-2 SInv}
rCorr   +            K - +2 pair of gloves {Str+3}
SInv    +            z - +0 pair of boots of Souff {-Tele rElec rF+ rN++}
Will    ++++.        U - amulet of the acrobat
Stlth   +++          B - ring of willpower
HPRegen 0.55/turn    N - ring of Pypp {Fly rPois rCorr Dex+3}
MPRegen 0.32/turn

%: reflection, acrobat, clarity
@: brilliant, acrobatic, flying, glowing, studying Stealth
A: permanent stasis, dig shafts and tunnels, antennae 3, four strong arms,
clarity, clumsy 1, fire resistance 1, sense surroundings 1, screaming 1
}: 4/15 runes: barnacled, slimy, silver, gossamer
a: Dig, Renounce Religion


You were in Pandemonium.
You worshipped Vehumet.
Vehumet was exalted by your worship.
You visited 18 branches of the dungeon, and saw 68 of its levels.
You visited Pandemonium 1 time, and saw 1 of its levels.
You visited 1 ziggurat, and saw 18 of its levels.
You also visited: Trove, Sewer and Wizlab.

You collected 12546 gold pieces.
You spent 8642 gold pieces at shops.

Inventory:

Hand Weapons
 b - a +9 spectral double sword
 c - a +9 longbow of freezing
 e - the +1 eveningstar "Brilliance" {foul flame, Umbra}
   (You found it on level 16 of a ziggurat)

   Umbra:     It surrounds you with an aura of shadow, increasing your stealth
   and reducing the accuracy of all others within it.
 g - the +1 short sword "Codov" {drain, rF+++ rC+}
   (You found it on level 4 of the Depths)

   rF+++:     It renders you almost immune to fire.
   rC+:       It protects you from cold.
 Z - the +3 arbalest "Inwiotz" {penet, +Blink rF+ rC+++ Int-4}
   (You found it on level 13 of a ziggurat)

   Int-4:     It affects your intelligence (-4).
   rF+:       It protects you from fire.
   rC+++:     It renders you almost immune to cold.
   +Blink:    It lets you blink.
Missiles
 h - 4 throwing nets
 n - 6 curare-tipped darts
 s - 22 silver javelins
Armour
 d - the +3 buckler "Parchaha" {-Tele *Corrode rElec Will+++}
   (You took it off a cherub in Pandemonium)

   rElec:     It insulates you from electricity.
   Will+++:   It greatly increases your willpower.
   -Tele:     It prevents most forms of teleportation.
   *Corrode:  It may corrode you when you take damage.
 k - a +0 buckler of protection
 l - quicksilver dragon scales (worn)
 z - the +0 pair of boots of Souff (worn) {-Tele rElec rF+ rN++}
   (You found it on level 3 of the Shoals)

   rF+:       It protects you from fire.
   rElec:     It insulates you from electricity.
   rN++:      It greatly protects you from negative energy.
   -Tele:     It prevents most forms of teleportation.
 F - a +5 kite shield of reflection (worn)
 J - the +2 cloak "Geskup" (worn) {rN+ Int+8 Slay-2 SInv}
   (You found it on level 5 of the Vaults)

   Int+8:     It affects your intelligence (+8).
   Slay-2:    It affects your accuracy & damage with ranged weapons and melee
   (-2).
   rN+:       It protects you from negative energy.
   SInv:      It lets you see invisible.
 K - a +2 pair of gloves of strength (worn)
Magical Staves
 a - the staff of Evil (weapon) {rPois rF+ Int+7 Fire Earth}
   (You found it on level 2 of the Realm of Zot)

   [staff of fire]

   Base accuracy: +5 Base damage: 5 Base attack delay: 1.2 This weapon's minimum
   attack delay (0.6) is reached at skill level 12.
   Int+7:     It affects your intelligence (+7).
   rF+:       It protects you from fire.
   rPois:     It protects you from poison.
   Fire:      It increases the power of your Fire spells.
   Earth:     It increases the power of your Earth spells.
   It falls into the 'Staves' category.
   It is a weapon for one hand-pair.
Jewellery
 w - a ring of wizardry
 B - a ring of willpower (left hand)
 N - the ring of Pypp (right hand) {Fly rPois rCorr Dex+3}
   (You found it on level 2 of the Spider Nest)

   [ring of flight]

   Dex+3:     It affects your dexterity (+3).
   rPois:     It protects you from poison.
   Fly:       It grants you flight.
   rCorr:     It protects you from acid and corrosion.
 U - an amulet of the acrobat (around neck)
Wands
 o - a wand of iceblast (84)
 v - a wand of mindburst (52)
 G - a wand of digging (6)
 H - a wand of quicksilver (48)
 P - a wand of paralysis (74)
Scrolls
 f - 11 scrolls of revelation
 i - 8 scrolls of fog
 t - 7 scrolls of silence
 y - a scroll of butterflies
 D - 18 scrolls of poison
 M - 5 scrolls of fear
Potions
 j - 10 potions of might
 m - 28 potions of curing
 p - a potion of mutation
 A - 3 potions of invisibility
 C - 12 potions of enlightenment
 E - 7 potions of cancellation
 L - 8 potions of ambrosia
 Q - 5 potions of brilliance
 R - 3 potions of heal wounds
 V - 4 potions of resistance
Miscellaneous
 q - a phantom mirror (inert)
 T - a lightning rod (4/4)
 X - a sack of spiders (inert)


   Skills:
 + Level 17.1 Fighting
 - Level 6.6 Long Blades
 - Level 2.6(3.0) Axes
 - Level 2.0(2.6) Maces & Flails
 - Level 8.0 Ranged Weapons
 + Level 12.8 Armour
 + Level 12.5 Dodging
 - Level 18.3 Stealth
 - Level 19.0 Shields
 + Level 23.9 Spellcasting
 + Level 20.9 Conjurations
 * Level 13.4 Necromancy
 - Level 12.4 Translocations
 - Level 22.0 Fire Magic
 + Level 21.8 Ice Magic
 - Level 10.8 Air Magic
 + Level 13.4 Earth Magic
 - Level 8.0 Alchemy
 - Level 2.0 Evocations


You had 4 spell levels left.
You knew the following spells:

 Your Spells              Type           Power      Damage    Failure   Level
b - Iskenderun's Mystic   Conj/Tloc      100%       2d19      0%          4
c - Lehudib's Crystal Sp  Conj/Erth      77%        10d17     1%          8
d - Plasma Beam           Fire/Air       76%        2x1d93    1%          6
l - Freezing Cloud        Conj/Ice/Air   65%        6-21      0%          5
m - Fire Storm            Conj/Fire      82%        8d21      4%          9
p - Passage of Golubria   Tloc           100%       N/A       1%          4
q - Apportation           Tloc           100%       N/A       0%          1
s - Sticky Flame          Fire/Alch      100%       2d15      0%          4
u - Sublimation of Blood  Necr           100%       N/A       0%          2
A - Ozocubu's Armour      Ice            100%       N/A       0%          3
E - Conjure Ball Lightni  Conj/Air       62%        3x3d22    1%          6
I - Ignite Poison         Fire/Alch      100%       N/A       0%          4
N - Polar Vortex          Ice            70%        12d9*     3%          9
T - Olgreb's Toxic Radia  Alch           100%       N/A       1%          4

Your spell library contained the following spells:

 Spells                   Type           Power      Damage    Failure   Level
 Maxwell's Capacitive Co  Air            55%        ∞         21%         8
 Chain Lightning          Conj/Air       62%        3d83      36%         9
 Shatter                  Erth           71%        3d52*     69%         9
 Foxfire                  Conj/Fire      100%       2x1d9     0%          1
 Freeze                   Ice            100%       1d10      0%          1
 Magic Dart               Conj           100%       1d8       0%          1
 Necrotise                Necr           100%       1d9       0%          1
 Shock                    Conj/Air       100%       1d9       0%          1
 Sting                    Conj/Alch      100%       1d9       0%          1
 Lesser Beckoning         Tloc           100%       N/A       0%          2
 Momentum Strike          Conj/Tloc      100%       3d10      0%          2
 Scorch                   Fire           100%       2d9       0%          2
 Searing Ray              Conj           100%       2d8       0%          2
 Frozen Ramparts          Ice            100%       1d16      0%          3
 Fugue of the Fallen      Necr           100%       N/A       0%          3
 Hailstorm                Conj/Ice       100%       3d16      0%          3
 Mephitic Cloud           Conj/Alch/Air  100%       N/A       0%          3
 Stone Arrow              Conj/Erth      100%       3d13      0%          3
 Vampiric Draining        Necr           100%       2d13      0%          3
 Volatile Blastmotes      Fire/Tloc      100%       2d18      0%          3
 Flame Wave               Conj/Fire      100%       2d21      0%          4
 Slow                     Hex            100%       N/A       1%          1
 Call Imp                 Summ           100%       N/A       1%          2
 Cigotuvi's Dreadful Rot  Necr/Alch/Air  100%       N/A       1%          2
 Ensorcelled Hibernation  Hex/Ice        100%       N/A       1%          2
 Jinxbite                 Hex            100%       N/A       1%          2
 Mercury Vapours          Alch/Air       100%       N/A       1%          2
 Gell's Gravitas          Tloc           100%       N/A       1%          3
 Inner Flame              Hex/Fire       100%       N/A       1%          3
 Summon Ice Beast         Ice/Summ       100%       N/A       1%          3
 Teleport Other           Tloc           100%       N/A       1%          3
 Airstrike                Air            55%        2d(8-24)  1%          4
 Anguish                  Hex/Necr       47%        N/A       1%          4
 Animate Armour           Summ/Erth      100%       N/A       1%          4
 Animate Dead             Necr           100%       N/A       1%          4
 Dimensional Bullseye     Hex/Tloc       46%        N/A       1%          4
 Dispel Undead            Necr           100%       3d31      1%          4
 Fulminant Prism          Conj/Alch      60%        3d26      1%          4
 Leda's Liquefaction      Alch/Erth      67%        N/A       1%          4
 Manifold Assault         Tloc           100%       N/A       1%          4
 Martyr's Knell           Necr/Summ      95%        N/A       1%          4
 Petrify                  Alch/Erth      100%       N/A       1%          4
 Confusing Touch          Hex            59%        N/A       3%          3
 Sigil of Binding         Hex            59%        N/A       3%          3
 Tukima's Dance           Hex            59%        N/A       3%          3
 Cause Fear               Hex            29%        N/A       11%         4
 Fireball                 Conj/Fire      82%        3d30      0%          5
 Iskenderun's Battlesphe  Conj           100%       2d15      0%          5
 Starburst                Conj/Fire      82%        6d21      0%          6
 Alistair's Intoxication  Alch           66%        N/A       1%          5
 Arcjolt                  Conj/Air       62%        1d72      1%          5
 Borgnjor's Vile Clutch   Necr/Erth      71%        N/A       1%          5
 Curse of Agony           Necr           100%       N/A       1%          5
 Irradiate                Conj/Alch      60%        3d31      1%          5
 Lee's Rapid Deconstruct  Erth           71%        3d32*     1%          5
 Metabolic Englaciation   Hex/Ice        55%        N/A       1%          5
 Yara's Violent Unravell  Hex/Alch       41%        3d16      1%          5
 Bombard                  Conj/Erth      77%        9d12      1%          6
 Death Channel            Necr           59%        N/A       1%          6
 Dispersal                Tloc           57%        N/A       1%          6
 Eringya's Noxious Bog    Alch           50%        4d6       1%          6
 Sculpt Simulacrum        Ice/Alch       61%        N/A       1%          6
 Ozocubu's Refrigeration  Ice            70%        4d23      1%          7
 Ignition                 Fire           83%        3d21      1%          8
 Summon Forest            Summ/Tloc      46%        N/A       2%          5
 Silence                  Hex/Air        44%        N/A       3%          5
 Borgnjor's Revivificati  Necr           59%        N/A       26%         8
 Infestation              Necr           59%        N/A       26%         8
 Summon Mana Viper        Hex/Summ       59%        N/A       28%         5
 Disjunction              Tloc           57%        N/A       38%         8
 Haunt                    Necr/Summ      47%        N/A       50%         7
 Malign Gateway           Summ/Tloc      46%        N/A       56%         7
 Summon Cactus Giant      Summ           29%        N/A       85%         6
 Death's Door             Necr           59%        N/A       99%         9
 Enfeeble                 Hex            29%        N/A       100%        7
 Summon Hydra             Summ           29%        N/A       100%        7
 Discord                  Hex            29%        N/A       100%        8
 Summon Horrible Things   Summ           29%        N/A       100%        8
 Dragon's Call            Summ           29%        N/A       100%        9
 Blink                    Tloc           Unusable   N/A       N/A         2
 Swiftness                Air            Unusable   N/A       N/A         3
 Vhi's Electric Charge    Tloc/Air       Unusable   N/A       N/A         4

Dungeon Overview and Level Annotations

Branches:
Dungeon (15/15)            Temple (1/1) D:7            Lair (5/5) D:10
 Shoals (4/4) Lair:2       Spider (4/4) Lair:2        Slime (5/5) Lair:5
    Orc (2/2) D:10            Elf (3/3) Orc:2        Vaults (5/5) D:14
  Crypt (3/3) Vaults:2       Tomb (1/3) Crypt:3      Depths (4/4) D:15
   Hell (visited)             Dis (1/7) Hell            Geh (4/7) Hell
    Coc (3/7) Hell            Tar (2/7) Hell            Zot (5/5) Depths:4
  Sewer (visited)          WizLab (visited)

Altars:
Ashenzari
Cheibriados
Dithmenos
Elyvilon
Fedhas
Gozag
Hepliaklqana
Kikubaaqudgha
Makhleb
Nemelex Xobeh
Okawaru
Qazlal
Ru
Sif Muna
Trog
Uskayaw
Vehumet
Wu Jian
Xom
Yredelemnul
Zin
The Shining One
Beogh
Jiyva

Shops:
D:2 :=(   D:4 *   D:6 (=[(   D:7 :   D:8 [[*   D:15 :   Orc:1 !   Orc:2 :::!
Elf:2 *   Shoals:4 *   Vaults:2 ?   Vaults:4 *   Vaults:5 ?   Depths:1 [
Depths:3 (

Portals:
Hell: Depths:1 Depths:2 Depths:3 Depths:4
Abyss: Lair:1 Depths:2 Depths:3
Pandemonium: Depths:1 Depths:2

Annotations:
Hell !sentinal+iron


Innate Abilities, Weirdness & Mutations

You cannot be hasted, slowed, berserked, paralysed or teleported.
You can dig through walls and to a lower floor.
You have a pair of large antennae on your head. (SInv)
Your four strong arms can wield two-handed weapons with a shield.
You possess an exceptional clarity of mind.
You are clumsy. (Dex -2)
Your flesh is heat resistant. (rF+)
You passively map a small area around you.
You occasionally shout uncontrollably at your foes.


Message History

The angel misses your butterfly. The daeva misses your butterfly.
The daeva hits your butterfly with a +5 scimitar of holy wrath!!
Your butterfly dies!
Your butterfly disappears in a burst of colours!
The angel closely misses your butterfly.
The angel hits your butterfly with a +3 sacred scourge of holy wrath!
Your butterfly dies!
Your butterfly disappears in a burst of colours!
The daeva hits your butterfly with a +4 scimitar of holy wrath!
Your butterfly dies!
Your butterfly disappears in a burst of colours!
The angel completely misses your butterfly.
The angel hits your butterfly with a +3 sacred scourge of holy wrath!!
Your butterfly dies!
Your butterfly disappears in a burst of colours!
Unknown command.
The angel hits your butterfly with a +3 sacred scourge of holy wrath!
Your butterfly dies!
Your butterfly disappears in a burst of colours!
The daeva hits your butterfly with a +5 scimitar of holy wrath!
Your butterfly dies!
Your butterfly disappears in a burst of colours!
The daeva hits your butterfly with a +4 scimitar of holy wrath!!
Your butterfly dies!
Your butterfly disappears in a burst of colours!
Unknown command.
Unknown command.
You swap places.
The angel hits your butterfly with a +3 sacred scourge of holy wrath!
Your butterfly dies!
Your butterfly disappears in a burst of colours!
The daeva hits your butterfly with a +5 scimitar of holy wrath!!
Your butterfly dies!
Your butterfly disappears in a burst of colours!
The apis gores your butterfly!!
Your butterfly dies!
Your butterfly disappears in a burst of colours!
The daeva calls down the wrath of the Shining One upon you.
The Shining One smites you!
You die...

###.........###............?
##........###......ß......
###)........A#..AA.......)..
##.....)####.{.A......ß.....)
##.......#..############......
##.....)..#..############.))...
#.........###'.............A...
#....##....##....)...........).
#....###...##.........).###'''#
##....##.b.##..##########......
##....b...##..##≈≈# #ß......
#....A.b.##..##..#######'#'#'
##..bbbbbb##..##.....A{.......
##..bb.bbA.##..##.....{A.ß.....
#....AbAb..##..##..............
##....#.YAb.##..##..############
#....####.bb##..##A.#* ß#ß
#...## #b...##..##..# { ≈≈≈≈
#...####bb.@##..##..# ≈...v. ,
#....##bb...##..##..##§.....
##..........##..##..'..v....
#.....b.[.b##..##..##Av.v..
##.....bb..##..##≈≈# §v...# , *
##........##..##### ,...#
###......##..#...# ,.##
##.....##..#?..# #* *
#.....##..###'#* **
##...)##......# , , , ,
#....##..≈≈≈.#*~ #....##..≈ß≈.#*
* * ##.A.##..≈≈≈)############
#...##..................
...###'...........).....
#..################## * #./# * *
* ** #### , , *, , ,


You could see an apis, 3 daevas and 2 angels.

Vanquished Creatures
  the Royal Jelly (Slime:5)
  Dissolution (Slime:4)
  The ghost of SaltyWalty the Englaciator, a legendary BaIE of Vehumet (Zig:12)
  A seraph (Pan)
  10 orbs of fire
  9 dread liches
  A juggernaut (Depths:3)
  The ghost of Vytzaeja the Slayer, a veteran OnBe of Trog (Zot:2)
  The ghost of Caurgh the Slayer, a veteran OnBe of Trog (Zot:5)
  3 royal mummies (Zig:9)
  Vv (Depths:2)
  Josephina (Zot:1)
  The ghost of sasquatch the Evocator, a veteran CoBe of Trog (Depths:1)
  3 Killer Klowns (Zot:5)
  10 shard shrikes
  Bai Suzhen (Vaults:5)
  Margery (Vaults:2)
  Geryon (Hell)
  5 caustic shrikes
  10 golden dragons
  The ghost of Jajuenucs the Victor of a Thousand Battles, a veteran GnWn of Okawaru (Depths:4)
  3 profane servitors
  The ghost of Biggs the Eclecticist, a veteran DjCj of Makhleb (Depths:3)
  5 bone dragons
  A pearl dragon (Pan)
  2 pandemonium lords
  2 Tzitzimimeh
  Norris (Vaults:4)
  3 electric golems
  An iron giant (Depths:4)
  21 tentacled monstrosities
  3 Brimstone Fiends (Zig:18)
  3 hellephants
  4 doom hounds
  The ghost of Nevi the Archmage, an adept DEHW of Vehumet (Depths:3)
  A Hell Sentinel (Depths:1)
  9 Ice Fiends
  8 liches
  21 Orb Guardians (Zot:5)
  12 sphinxes
  10 titans
  9 quicksilver dragons
  5 searing wretches
  An Executioner (Zig:8)
  Grunn (Zot:2)
  7 deep elf blademasters
  18 acid blobs
  3 deep elf master archers (Elf:3)
  The ghost of Uximull the Devastator, an adept DsCA of Gozag (Spider:4)
  8 ancient champions
  5 krakens
  9 death cobs
  7 shadow dragons
  3 tengu reavers
  A thorn hunter (Zig:13)
  Aizul (Elf:2)
  11 storm dragons
  9 azure jellies
  5 revenants
  5 demonspawn warmongers
  4 protean progenitors
  15 fire giants
  8 daevas (Pan)
  8 narguns
  5 fenstrider witches
  2 nagarajas (Zig:15)
  13 rockslimes
  24 frost giants
  2 iron dragons
  6 draconian knights
  10 emperor scorpions
  5 draconian shifters
  5 draconian scorchers
  8 deep elf sorcerers
  A juggernaut zombie (Crypt:1)
  5 draconian monks
  16 vault wardens
  12 balrugs
  A caustic shrike zombie (Crypt:2)
  7 curse skulls
  4 cacodemons
  10 draconian stormcallers
  2 ghouls
  4 ghost moths
  A broodmother (shapeshifter) (Depths:3)
  A deep elf elementalist (Elf:3)
  3 reapers (Hell)
  11 quicksilver oozes
  22 very ugly things
  3 demonspawn corrupters
  2 shard shrike simulacra (Coc:3)
  2 orc warlords (Vaults:2)
  A spriggan defender (Depths:2)
  21 angels (Pan)
  10 draconian annihilators
  23 ironbound preservers
  A juggernaut skeleton (Crypt:2)
  4 broodmothers
  8 formless jellyfish
  12 stone giants
  A caustic shrike skeleton (Crypt:3)
  4 eleionomae
  9 ironbound thunderhulks
  16 ophanim (Pan)
  7 deep elf annihilators
  The ghost of jasper the Severer, a journeyman GrFi of Okawaru (Orc:1)
  2 bennus (Tomb:1)
  8 green draconians
  7 black draconians
  5 vampire knights
  A bunyip (Zig:16)
  A putrid mouth (Hell)
  8 deep elf death magi
  6 deep elf demonologists
  3 elemental wellsprings
  13 purple draconians
  12 red draconians
  7 demonspawn black suns
  15 wendigos
  7 war gargoyles
  11 yellow draconians
  5 dire elephants (Vaults:3)
  13 apis (Pan)
  14 white draconians
  3 merfolk javelineers (Shoals:4)
  5 green deaths
  4 blizzard demons
  7 spark wasps
  17 ettins
  5 eidola
  3 iron golems (Depths:1)
  2 crystal guardians
  14 fire dragons
  The ghost of occam the Carver, a journeyman CoBe of Trog (Lair:1)
  A quicksilver dragon zombie (Crypt:3)
  15 yaktaur captains
  Snorg (Orc:1)
  9 merfolk impalers
  15 jiangshi
  2 entropy weavers
  3 deep elf high priests
  A spectral quicksilver dragon (Zot:2)
  4 mummy priests
  8 great orbs of eyes
  5 shambling mangroves
  A spectral spriggan (Tar:2)
  3 spriggan zombies
  A kraken zombie (Hell)
  9 hydras
  A juggernaut simulacrum (Coc:3)
  A spectral shadow dragon (Tar:1)
  6 rakshasas
  A fenstrider witch zombie (Hell)
  8 salamander tyrants
  18 ice dragons
  2 peacekeepers
  A hell beast (Zig:18)
  7 alligators
  3 caustic shrike simulacra
  A fenstrider witch skeleton (Crypt:1)
  A boulder beetle (shapeshifter) (Vaults:5)
  10 ironbound frosthearts
  A catoblepas (D:13)
  7 ogre magi
  42 vault guards
  A spriggan air mage (Depths:4)
  9 centaur warriors
  11 ghost crabs
  2 merfolk avatars
  2 stokers
  A two-headed ogre (shapeshifter) (Elf:1)
  3 alligator snapping turtles
  17 two-headed ogres
  5 radroaches
  14 deep troll shamans
  9 merfolk aquamancers
  A death knight (Crypt:1)
  8 boulder beetles
  28 dancing weapons
  3 death yaks (Lair:5)
  10 vampire magi
  25 hell hogs
  6 deep troll earth magi
  4 occultists
  7 tengu warriors
  A satyr (Shoals:4)
  6 death scarabs
  7 demonic crawlers
  A spriggan berserker (Depths:2)
  2 orc high priests (Vaults:2)
  A spectral dire elephant (Tar:2)
  6 shock serpents (Zig:15)
  A naga warrior (Zig:15)
  A spectral storm dragon (Zot:2)
  Sonja (Orc:1)
  A spectral white draconian (Zot:2)
  2 spriggans
  3 naga sharpshooters (Zig:15)
  7 soul eaters
  33 hell knights
  2 crystal echidnas (Hell)
  14 deep elf knights
  2 salamander mystics
  18 sun demons
  A skyshark (shapeshifter) (Depths:1)
  A spectral green draconian (Zot:2)
  2 titan skeletons
  10 iron trolls
  4 pharaoh ants
  A shadow wraith (Zig:10)
  2 sixfirhies
  A spectral minotaur (Tar:1)
  A fire crab (shapeshifter) (D:13)
  8 skysharks
  30 skeletal warriors
  Lodul (D:12)
  7 arcanists
  An anaconda zombie (Crypt:1)
  4 shadow demons
  5 spriggan druids
  2 mana vipers (Zig:15)
  6 glowing orange brains
  6 flayed ghosts
  3 goliath frogs
  An orb spider (shapeshifter) (D:15)
  16 sea snakes
  A bog body (Crypt:2)
  A glowing orange brain (shapeshifter) (Vaults:5)
  65 deep trolls
  15 cherubim (Pan)
  A sea snake (shapeshifter) (Vaults:5)
  3 sun moths
  12 phantasmal warriors
  A spectral anaconda (Tar:1)
  A naga ritualist (Zig:15)
  9 orange crystal statues
  12 ironbound convokers
  A lindwurm (shapeshifter) (Vaults:3)
  A quicksilver dragon simulacrum (Zot:2)
  An obsidian statue (Zig:14)
  A thermic dynamo (Zot:2)
  8 orb spiders
  14 lindwurms
  18 necromancers
  12 steelbarb worms
  15 deep elf archers
  4 swamp dragons
  20 wolf spiders
  31 deep elf zephyrmancers
  9 harpies (Shoals:1)
  A sphinx simulacrum (Zig:14)
  22 deep elf pyromancers
  12 orc knights
  An alligator zombie (Hell)
  38 ugly things
  2 stone giant zombies
  A shining eye (shapeshifter) (Vaults:5)
  A spectral ettin (Tar:2)
  5 shining eyes
  A human zombie (Vaults:1)
  6 orc sorcerers
  An iron dragon zombie (Zig:9)
  3 cyclopes (D:13)
  A salamander (Zig:15)
  12 fauns
  A tengu skeleton (Zig:9)
  3 alligator skeletons
  2 fauns (shapeshifter) (Depths:3)
  6 meliai
  27 moths of wrath
  2 will-o-the-wisps
  10 manticores
  2 spectral centaurs
  2 meliai (shapeshifter) (D:14)
  An ice statue (Zig:3)
  20 vault sentinels
  9 elephants
  A human skeleton (Vaults:1)
  3 titan simulacra
  4 molten gargoyles
  6 water nymphs
  3 centaur zombies
  5 kobold blastminers
  11 merfolk sirens
  10 torpor snails
  8 black mambas
  A dire elephant zombie (Crypt:3)
  3 naga magi
  11 smoke demons
  2 eyes of devastation
  An eye of devastation (shapeshifter) (Vaults:3)
  3 guardian serpents (Zig:15)
  2 guardian serpents (shapeshifter)
  An orange demon (Zig:18)
  3 stone giant skeletons
  4 gargoyles (Crypt:3)
  A storm dragon simulacrum (Zot:2)
  2 rust devils
  16 cane toads
  An unseen horror (shapeshifter) (Depths:3)
  A komodo dragon (shapeshifter) (Depths:3)
  A green draconian zombie (Crypt:1)
  2 centaur skeletons
  A steelbarb worm zombie (Crypt:2)
  7 hellions
  A bunyip simulacrum (Coc:1)
  3 sea snake zombies (Hell)
  7 unseen horrors
  11 rime drakes
  2 anaconda simulacra
  A golden dragon simulacrum (Zot:1)
  A dire elephant skeleton (Crypt:2)
  An alligator snapping turtle skeleton (Crypt:3)
  9 guardian mummies
  An efreet (D:14)
  11 tormentors
  5 freezing wraiths
  7 komodo dragons
  8 ice devils
  A spectral naga (Tar:1)
  3 tengu conjurers
  An iron giant simulacrum (Coc:2)
  3 red devils
  24 yaktaurs
  16 merfolk
  A spectral harpy (Tar:1)
  5 harpy zombies
  19 hornets
  5 spectral moths of wrath (Zot:2)
  6 wind drakes
  A hydra skeleton (Hell)
  A hornet (shapeshifter) (D:15)
  An alligator simulacrum (Hell)
  9 trolls
  2 harpy skeletons
  A tengu simulacrum (Zig:14)
  9 tyrant leeches
  Grinder (D:5)
  2 shadow dragon simulacra
  A polar bear (shapeshifter) (Depths:3)
  24 tarantellas
  18 blink frogs
  A wind drake (shapeshifter) (Depths:3)
  9 snapping turtles
  13 glass eyes
  A snapping turtle (shapeshifter) (Vaults:5)
  A blink frog (shapeshifter) (Depths:3)
  2 raiju (Zig:3)
  13 dream sheep
  A human simulacrum (Vaults:1)
  A culicivora zombie (Crypt:1)
  24 jumping spiders
  3 centaur simulacra
  3 fire dragon skeletons (Crypt:3)
  2 air elementals
  A culicivora (shapeshifter) (Vaults:1)
  2 draconian simulacra
  24 culicivoras
  86 slime creatures
  A slime creature (shapeshifter) (Vaults:5)
  A dire elephant simulacrum (Coc:1)
  4 vampires
  2 shadows
  15 wraiths
  3 ynoxinuls
  17 water elementals
  3 ettin skeletons
  26 yaks
  6 wyverns
  A naga simulacrum (Coc:3)
  An ushabti (Tomb:1)
  4 golden eyes (Slime:2)
  A green draconian simulacrum (Zot:1)
  10 wargs
  A black draconian simulacrum (Zot:1)
  2 basilisks (shapeshifter) (Depths:3)
  3 neqoxecs
  A yak (shapeshifter) (Vaults:5)
  2 fire elementals
  The ghost of runemasterragnar the Chopper, an amateur CoGl (D:3)
  A redback (shapeshifter) (Vaults:5)
  30 redbacks
  3 steam dragons
  16 vampire mosquitoes
  5 basilisks
  5 harpy simulacra
  3 nagas (Zig:15)
  A two-headed ogre zombie (D:10)
  2 naga zombies
  12 hell hounds
  A faun skeleton (Crypt:2)
  13 water moccasins
  3 moth of wrath simulacra
  A naga skeleton (Crypt:3)
  A swamp drake (Zig:16)
  3 black bears
  2 sky beasts
  17 laughing skulls
  31 orc warriors
  28 ogres
  4 boggarts (Vaults:4)
  9 wolves
  3 centaurs
  2 phantoms (D:10)
  A swamp dragon skeleton (Tomb:1)
  A rime drake zombie (Crypt:1)
  3 kobold brigands
  A draconian zombie (Crypt:1)
  A rime drake skeleton (Crypt:2)
  A salamander zombie (Crypt:1)
  14 bullfrogs
  5 scorpions
  8 earth elementals
  A glowing shapeshifter simulacrum (Zig:9)
  A gnoll sergeant (D:10)
  A komodo dragon skeleton (Crypt:2)
  13 wights
  A raiju zombie (Crypt:2)
  A troll zombie (D:10)
  6 howler monkeys
  4 electric eels
  3 bombardier beetles
  3 jellies
  5 hounds
  Crazy Yiuf (D:2)
  19 orc priests
  2 iguanas
  A sleepcap (D:7)
  Jessica (D:2)
  Natasha (thrice) (D:2)
  21 orc wizards
  6 ogre zombies (D:10)
  9 mummies
  9 gnolls
  5 adders
  A shadow imp (D:6)
  2 ufetubi (D:7)
  3 dart slugs
  A ribbon worm (D:3)
  86 orcs
  9 ball pythons
  9 endoplasms
  3 giant cockroaches (D:3)
  6 gnoll zombies (D:10)
  4 goblins
  8 hobgoblins
  6 jackals
  6 quokkas
  6 bats
  4 frilled lizards
  A frilled lizard skeleton (Crypt:2)
  8 gnoll skeletons
  23 kobolds
  An orc skeleton (D:10)
  11 orc zombies (D:10)
  9 rats
  2 aspiring fleshes (Zot:1)
  2 creeping infernos
  250 fire vortices
  24 spectral weapons
  3 starspawn tentacles (Zig:3)
  6 tentacles
3317 creatures vanquished.

Vanquished Creatures (collateral kills)
  An ancient lich (Vaults:5)
  2 golden dragons
  An iron giant (Zig:7)
  4 Orb Guardians (Zot:5)
  3 tentacled monstrosities
  A death cob (Zot:2)
  4 acid blobs
  3 storm dragons
  A shadow dragon (Vaults:5)
  An azure jelly (Slime:4)
  A draconian knight (Zig:5)
  A rockslime (Slime:5)
  A nagaraja (Zig:15)
  A nargun (Zig:14)
  3 frost giants
  A draconian scorcher (Zot:1)
  A draconian stormcaller (Zot:3)
  A very ugly thing (Vaults:5)
  A demonspawn black sun (Zig:8)
  An ophan (Pan)
  A yellow draconian (Zot:5)
  A purple draconian (Zot:3)
  2 red draconians
  A bunyip (Zig:2)
  A deep elf annihilator (Zig:6)
  A spark wasp (Depths:4)
  A blizzard demon (Zig:18)
  An entropy weaver (Vaults:5)
  An ice dragon (Depths:3)
  A spectral fenstrider witch (Tar:1)
  A sun moth (shapeshifter) (Zig:6)
  A naga ritualist (Zig:15)
  A shining eye (Slime:5)
  A moth of wrath (Zot:3)
  A hellion (Zig:17)
  A tormentor (Coc:1)
  4 slime creatures
  A harpy simulacrum (Coc:2)
55 creatures vanquished.

Vanquished Creatures (others)
  A curse toe (Zig:12)
  A revenant (Zig:12)
  3 eidola (Zig:12)
  A juggernaut simulacrum (Coc:3)
  2 ghost crabs (Zig:12)
  A deep elf pyromancer (Vaults:5)
  2 orc wizards (D:6)
  146 ball lightnings
  939 fire vortices
  4 foxfires (Zig:16)
  17 spectral weapons
  4 starspawn tentacles (Zig:3)
  62 tentacles
1183 creatures vanquished.

Grand Total: 4555 creatures vanquished

Notes
Turn   | Place    | Note
-------+----------+-------------------------------------------
     0 | D:5      | petzl the Formicid Delver began the quest for the Orb.
     0 | D:5      | Reached XP level 1. HP: 18/18 MP: 1/1
     1 | D:6      | Noticed an orc warrior
     1 | D:6      | Noticed an orc wizard
     1 | D:6      | Noticed an orc priest
    92 | D:5      | Noticed a bombardier beetle
   167 | D:3      | Noticed a bombardier beetle
   184 | D:3      | Found a glowing golden altar of the Shining One.
   185 | D:3      | Found an ancient bone altar of Kikubaaqudgha.
   199 | D:3      | Reached skill level 1 in Spellcasting
   269 | D:2      | Reached XP level 2. HP: 15/24 MP: 2/4
   412 | D:3      | Reached skill level 2 in Spellcasting
   419 | D:3      | Found a glowing drain.
   459 | Sewer    | Entered a sewer
   480 | Sewer    | Reached XP level 3. HP: 28/29 MP: 6/6
   508 | Sewer    | Noticed a brain worm
   592 | Sewer    | Reached skill level 3 in Spellcasting
   609 | Sewer    | Reached XP level 4. HP: 33/35 MP: 9/9
   649 | Sewer    | Noticed a brain worm
  1028 | D:2      | Noticed Jessica
  1031 | D:2      | Killed Jessica
  1032 | D:2      | Reached skill level 4 in Spellcasting
  1071 | D:2      | Found Gobrirubb's Book Emporium.
  1553 | D:1      | Reached XP level 5. HP: 41/41 MP: 11/11
  2398 | D:2      | Found a runed translucent door.
  2399 | D:2      | Noticed Crazy Yiuf
  2470 | D:2      | Found Qeirgh's Jewellery Emporium.
  2512 | D:2      | Found Ruulor's Weapon Emporium.
  2801 | D:2      | Noticed Natasha
  3108 | D:3      | Found a runed translucent door.
  3127 | D:3      | Noticed runemasterragnar's ghost (amateur CoGl)
  3287 | D:4      | Found a white marble altar of Elyvilon.
  3416 | D:4      | Reached skill level 5 in Spellcasting
  3463 | D:4      | Found Pelapile's Assorted Antiques.
  3479 | D:4      | Bought a glowing sling for 103 gold pieces
  3556 | D:4      | Noticed a two-headed ogre
  3570 | D:4      | You fall into a shaft and drop 1 floor!
  3677 | D:5      | Reached XP level 6. HP: 40/47 MP: 13/13
  3733 | D:6      | Reached skill level 1 in Ranged Weapons
  3733 | D:6      | Found Hedek's Jewellery Shoppe.
  3746 | D:5      | Noticed Grinder
  3841 | D:6      | Found a stormy altar of Qazlal.
  3843 | D:6      | Found a blossoming altar of Fedhas.
  3847 | D:6      | Found Qyum's Antique Armour Shoppe.
  3951 | D:5      | Reached XP level 7. HP: 40/54 MP: 15/15
  4079 | D:5      | Killed Grinder
  4080 | D:5      | Reached skill level 6 in Spellcasting
  4360 | D:2      | Killed Natasha
  4459 | D:2      | Killed Crazy Yiuf
  4653 | D:2      | Found Gobrirubb's Book Emporium.
  4841 | D:2      | Found Qeirgh's Jewellery Emporium.
  4856 | D:2      | Found Ruulor's Weapon Emporium.
  4965 | D:2      | Noticed Natasha
  4969 | D:2      | Killed Natasha
  4970 | D:2      | Reached XP level 8. HP: 60/60 MP: 17/17
  5038 | D:2      | Found Gobrirubb's Book Emporium.
  5216 | D:2      | Noticed Natasha
  5230 | D:2      | Killed Natasha
  5926 | D:4      | Bought a puce potion for 20 gold pieces
  5926 | D:4      | Bought a scroll labelled PIYNAG AMYNY for 23 gold pieces
  5926 | D:4      | Bought a puce potion for 20 gold pieces
  5926 | D:4      | Bought a scroll labelled PIYNAG AMYNY for 23 gold pieces
  5926 | D:4      | Bought a scroll of identify for 46 gold pieces
  5927 | D:4      | Identified a scroll of acquirement
  5932 | D:4      | Acquired 818 gold pieces
  6007 | D:2      | Found Qeirgh's Jewellery Emporium.
  6014 | D:2      | Found Ruulor's Weapon Emporium.
  6023 | D:2      | Bought a +2 dagger of venom for 187 gold pieces
  7442 | D:6      | Reached skill level 7 in Spellcasting
  7740 | D:6      | Reached skill level 8 in Spellcasting
  7772 | D:6      | Found Xepeimue's Weapon Shoppe.
  7783 | D:6      | Found a broken altar of Ashenzari.
  7827 | D:6      | Reached XP level 9. HP: 65/65 MP: 21/21
  8170 | D:6      | Found Rowkic's Weapon Shop.
  8175 | D:6      | Bought a +0 orcbow for 38 gold pieces
  8252 | D:6      | Reached skill level 9 in Spellcasting
  8486 | D:6      | You fall into a shaft and drop 3 floors!
  8614 | D:10     | Entered Level 10 of the Dungeon
  8614 | D:10     | Found a staircase to the Orcish Mines.
  8661 | D:9      | Learned a level 3 spell: Ozocubu's Armour
  8742 | D:9      | Reached skill level 1 in Armour
  8742 | D:9      | Reached skill level 1 in Ice Magic
  8887 | D:9      | Found a snail-covered altar of Cheibriados.
  8889 | D:9      | Noticed a komodo dragon
  8917 | D:9      | Killed a komodo dragon
  8961 | D:9      | Found a hazy altar of Hepliaklqana.
  9010 | D:9      | Reached XP level 10. HP: 71/71 MP: 23/23
  9087 | D:8      | Found Durghikk's Armour Boutique.
  9087 | D:8      | Found Okha's Antique Armour Boutique.
  9087 | D:8      | Found Gigiylen's General Store.
  9099 | D:9      | Gained mutation: Your muscles are strong. (Str +4, Int/Dex
                  | -1) [potion of mutation]
  9099 | D:9      | Gained mutation: You are vulnerable to cold. (rC-) [potion
                  | of mutation]
  9099 | D:9      | Gained mutation: Your mind is acute. (Int +4, Str/Dex -1)
                  | [potion of mutation]
  9132 | D:9      | You fall into a shaft and drop 2 floors!
  9236 | D:10     | Reached skill level 1 in Evocations
  9341 | D:8      | You fall into a shaft and drop 1 floor!
  9406 | D:8      | Reached skill level 5 in Ice Magic
  9433 | D:8      | Reached skill level 10 in Spellcasting
  9987 | D:8      | Identified the +0 chain mail "Nemut" {Rampage Str+2 Dex-2}
 10072 | D:8      | Reached skill level 11 in Spellcasting
 10210 | D:7      | Found Qeiryq's Book Emporium.
 10325 | D:7      | Bought a book of Lightning for 432 gold pieces
 10332 | D:7      | Learned a level 6 spell: Plasma Beam
 10350 | D:7      | Found a staircase to the Ecumenical Temple.
 10359 | Temple   | Entered the Ecumenical Temple
 10375 | Temple   | Became a worshipper of Vehumet
 10556 | D:7      | Reached skill level 1 in Fire Magic
 10624 | D:7      | Found a basalt altar of Yredelemnul.
 10677 | D:7      | Reached skill level 1 in Air Magic
 11018 | D:7      | Found a shadowy altar of Dithmenos.
 11480 | D:6      | Bought a kite shield for 85 gold pieces
 11999 | D:9      | Reached skill level 1 in Shields
 12045 | D:9      | You fall into a shaft and drop 3 floors!
 12386 | D:15     | Entered Level 15 of the Dungeon
 12792 | D:11     | Reached XP level 11. HP: 23/77 MP: 26/26
 12982 | D:12     | Noticed a skeletal warrior
 13312 | D:3      | You fall into a shaft and drop 3 floors!
 13532 | D:3      | Killed runemasterragnar's ghost
 13789 | D:9      | Noticed a deep troll
 14129 | D:9      | Noticed a deep troll
 14138 | D:9      | You fall into a shaft and drop 2 floors!
 14869 | D:12     | Noticed a boulder beetle
 15127 | D:10     | Noticed an elephant
 15155 | D:11     | Killed an elephant
 15156 | D:11     | Reached skill level 5 in Shields
 15359 | D:10     | Found a staircase to the Lair.
 15397 | Lair:1   | Entered Level 1 of the Lair of Beasts
 15721 | D:10     | Reached * piety under Vehumet
 15721 | D:10     | Offered knowledge of Shock by Vehumet.
 15953 | D:10     | Reached skill level 5 in Fire Magic
 16468 | D:10     | Found a shimmering altar of Xom.
 16880 | D:2      | Bought an Everburning Encyclopedia for 494 gold pieces
 16885 | D:2      | Learned a level 4 spell: Sticky Flame
 16890 | D:2      | Learned a level 4 spell: Ignite Poison
 16896 | D:2      | Learned a level 5 spell: Arcjolt
 17384 | D:10     | Reached skill level 1 in Alchemy
 17489 | Lair:1   | Reached ** piety under Vehumet
 17489 | Lair:1   | Offered knowledge of Freeze by Vehumet.
 17588 | Lair:2   | Reached skill level 1 in Conjurations
 17588 | Lair:2   | Reached XP level 12. HP: 83/83 MP: 25/27
 18126 | Lair:1   | Found a transporter.
 18127 | Lair:1   | Found a one-way gate to the infinite horrors of the Abyss.
 18127 | Lair:1   | Noticed occam's ghost (journeyman CoBe)
 18157 | Lair:1   | Reached skill level 10 in Shields
 18179 | Lair:1   | Reached skill level 5 in Alchemy
 18431 | Lair:1   | Noticed a hell hog
 18444 | Lair:1   | Noticed a spriggan rider
 18578 | Lair:1   | Found a transporter.
 18829 | Lair:1   | Found an ornate altar of the Wu Jian Council.
 19159 | Lair:2   | Offered knowledge of Inner Flame by Vehumet.
 19596 | Lair:2   | Found a staircase to the Shoals.
 19700 | Lair:2   | Reached skill level 5 in Air Magic
 19709 | Lair:2   | Found a hole to the Spider Nest.
 19941 | Lair:3   | Reached XP level 13. HP: 73/88 MP: 23/28
 20000 | Lair:3   | Reached *** piety under Vehumet
 21441 | Lair:4   | Offered knowledge of Volatile Blastmotes by Vehumet.
 21884 | Lair:4   | Noticed a five-headed hydra
 21892 | Lair:4   | Killed a five-headed hydra
 22266 | Lair:5   | Entered Level 5 of the Lair of Beasts
 22342 | Lair:4   | Reached **** piety under Vehumet
 22426 | Lair:4   | Offered knowledge of Fireball by Vehumet.
 22433 | Lair:4   | Learned a level 5 spell: Fireball
 22752 | Lair:5   | Found a staircase to the Slime Pits.
 22752 | Lair:5   | Found a viscous altar of Jiyva.
 23154 | Lair:5   | Reached skill level 5 in Conjurations
 23334 | Lair:5   | Noticed a six-headed hydra
 23350 | Lair:5   | Reached XP level 14. HP: 74/95 MP: 29/29
 23430 | Lair:5   | Reached skill level 10 in Fire Magic
 23885 | Lair:5   | Identified the +2 quarterstaff of Chance {drain, SInv}
 23985 | Lair:5   | Reached skill level 5 in Fighting
 24368 | Lair:5   | Identified the +2 robe of Focus {Str+3}
 24671 | Lair:5   | Reached ***** piety under Vehumet
 24721 | Lair:5   | Offered knowledge of Freezing Cloud by Vehumet.
 24728 | Lair:5   | Learned a level 5 spell: Freezing Cloud
 25196 | Orc:1    | Entered Level 1 of the Orcish Mines
 25200 | Orc:1    | Noticed jasper's ghost (journeyman GrFi)
 25202 | Orc:2    | Entered Level 2 of the Orcish Mines
 25356 | Orc:2    | Found a staircase to the Elven Halls.
 25637 | Orc:1    | Found a runed translucent door.
 25873 | Orc:1    | Found Cyxtuoxt's Distillery.
 25877 | Orc:1    | Noticed Sonja
 25887 | Orc:1    | Noticed Snorg
 25967 | Orc:1    | Killed Sonja
 26037 | Orc:1    | Killed Snorg
 26302 | Orc:1    | Found a roughly hewn altar of Beogh.
 26743 | Orc:2    | Found Xomn's Book Boutique.
 26829 | Orc:2    | Reached skill level 12 in Spellcasting
 26880 | Orc:2    | Reached XP level 15. HP: 106/106 MP: 24/31
 27013 | Orc:2    | Offered knowledge of Airstrike by Vehumet.
 27463 | Orc:2    | Found a roughly hewn altar of Beogh.
 27479 | Orc:2    | Found Usiekil's Distillery.
 27499 | Orc:2    | Found Paprutus's Distillery.
 27741 | Orc:2    | Found Aggielil's Book Emporium.
 27744 | Orc:2    | Found Teorumoq's Book Shoppe.
 28004 | Orc:2    | Bought a book of the Moon for 400 gold pieces
 28009 | Orc:2    | Learned a level 4 spell: Passage of Golubria
 28023 | Orc:2    | Reached skill level 1 in Translocations
 28067 | Elf:1    | Entered Level 1 of the Elven Halls
 28067 | Elf:1    | Noticed a deep elf sorcerer
 28067 | Elf:1    | Found a runed translucent gate.
 28067 | Elf:1    | Found a runed translucent gate.
 28067 | Elf:1    | Found a runed translucent gate.
 28067 | Elf:1    | Found a runed translucent gate.
 28067 | Elf:1    | Found a runed translucent gate.
 28067 | Elf:1    | Found a runed translucent gate.
 28098 | Orc:1    | You fall into a shaft and drop 1 floor!
 28164 | Orc:1    | You fall into a shaft and drop 1 floor!
 28307 | Orc:1    | Killed jasper's ghost
 28486 | Orc:2    | Bought a potion of mutation for 104 gold pieces
 28486 | Orc:2    | Bought a potion of mutation for 104 gold pieces
 28486 | Orc:2    | Lost mutation: Your muscles are strong. (Str +4, Int/Dex
                  | -1) [potion of mutation]
 28486 | Orc:2    | Lost mutation: Your mind is acute. (Int +4, Str/Dex -1)
                  | [potion of mutation]
 28486 | Orc:2    | Gained mutation: You are dopey. (Int -2) [potion of
                  | mutation]
 28486 | Orc:2    | Gained mutation: Armour fits poorly on your strangely
                  | shaped body. [potion of mutation]
 28486 | Orc:2    | Gained mutation: You have large cloven feet. [potion of
                  | mutation]
 28486 | Orc:2    | Lost mutation: You are dopey. (Int -2) [potion of mutation]
 28487 | Orc:2    | Lost mutation: Armour fits poorly on your strangely shaped
                  | body. [potion of mutation]
 28487 | Orc:2    | Lost mutation: You have large cloven feet. [potion of
                  | mutation]
 28487 | Orc:2    | Lost mutation: You are vulnerable to cold. (rC-) [potion of
                  | mutation]
 28487 | Orc:2    | Gained mutation: Your natural rate of healing is unusually
                  | fast. [potion of mutation]
 28487 | Orc:2    | Gained mutation: Your mind is acute. (Int +4, Str/Dex -1)
                  | [potion of mutation]
 28487 | Orc:2    | Gained mutation: Your spells are a little harder to cast,
                  | but a little more powerful. [potion of mutation]
 28743 | D:2      | Bought an amulet of the acrobat for 420 gold pieces
 29248 | D:12     | Noticed Lodul
 29253 | D:12     | Killed Lodul
 29563 | D:12     | Reached skill level 5 in Translocations
 30921 | D:13     | Identified the +3 mace of Terrible Conscience {pain, rF+
                  | rC+ Will- Dex+2}
 31272 | D:14     | Reached XP level 16. HP: 74/115 MP: 25/32
 31375 | D:14     | Found a gate to the Vaults.
 31433 | D:14     | Found a stormy altar of Qazlal.
 32135 | D:15     | Found a staircase to the Depths.
 32146 | D:15     | Offered knowledge of Yara's Violent Unravelling by Vehumet.
 32318 | D:15     | Found a portal to a secret trove of treasure.
 32561 | D:15     | Found Usmijiac's Book Boutique.
 33057 | Orc:2    | Bought a book of Blasting for 280 gold pieces
 33615 | D:10     | Learned a level 4 spell: Iskenderun's Mystic Blast
 33861 | D:10     | Acquired a +5 arbalest of flaming
 33930 | Shoals:1 | Entered Level 1 of the Shoals
 33934 | Shoals:1 | Found a transporter.
 33935 | Shoals:1 | Found a transporter.
 33955 | Shoals:1 | Noticed a kraken
 34064 | Shoals:1 | Killed a kraken
 36030 | Shoals:2 | Reached skill level 5 in Ranged Weapons
 36455 | Shoals:3 | Noticed a kraken
 36455 | Shoals:3 | Noticed a kraken
 36455 | Shoals:3 | Noticed a kraken
 36455 | Shoals:3 | Noticed a kraken
 36869 | Shoals:3 | Reached XP level 17. HP: 94/120 MP: 31/33
 36933 | Shoals:4 | Entered Level 4 of the Shoals
 36955 | Shoals:4 | Found Yjymashro's Mayhem Merchandise.
 36980 | Shoals:4 | Bought the Unrestrained Analects for 484 gold pieces
 36985 | Shoals:4 | Learned a level 4 spell: Olgreb's Toxic Radiance
 36989 | Shoals:4 | Identified the +4 war axe "Cieqeciv" {vamp, rF+ Int+5}
 37058 | Shoals:3 | Reached skill level 13 in Spellcasting
 37225 | Shoals:3 | Identified the +0 scale mail of the Sun {rPois Int-4 Dex-4
                  | Stlth+}
 37427 | Shoals:3 | Killed a kraken
 37428 | Shoals:3 | Killed a kraken
 37827 | D:15     | You paid a toll of 6 scrolls of fear to enter a treasure
                  | trove
 37828 | Trove    | Entered a treasure trove
 37832 | Trove    | Identified the +2 longbow of Erues {speed, rPois rC++ rCorr
                  | Int-4}
 37845 | Trove    | Identified the +4 arbalest of the Building Seeker {elec,
                  | rPois Int+4}
 38434 | Shoals:4 | Reached skill level 10 in Air Magic
 39163 | Shoals:4 | Reached skill level 5 in Armour
 39314 | Shoals:4 | Offered knowledge of Bombard by Vehumet.
 39474 | Shoals:4 | Reached skill level 15 in Shields
 39667 | Shoals:4 | Got a barnacled rune of Zot
 39669 | Shoals:4 | Got an azure gem with 0 turns to spare
 39722 | Shoals:4 | Identified the ring "Kanoce" {rF- rN+++ Str-4 Int+6 Dex+3}
 40536 | Shoals:3 | Killed a kraken
 40973 | Shoals:3 | Identified the +0 pair of boots of Souff {-Tele rElec rF+
                  | rN++}
 41090 | Shoals:3 | Killed a kraken
 41549 | Orc:2    | Bought a book of Armaments for 396 gold pieces
 41553 | Orc:2    | Learned a level 3 spell: Stone Arrow
 41644 | Spider:1 | Entered Level 1 of the Spider Nest
 41901 | Spider:1 | Reached XP level 18. HP: 116/127 MP: 32/35
 42347 | Lair:2   | You fall into a shaft and drop 1 floor!
 43223 | Spider:2 | Offered knowledge of Irradiate by Vehumet.
 43492 | Spider:2 | Identified the ring of Pypp {Fly rPois rCorr Dex+3}
 44640 | Spider:4 | Entered Level 4 of the Spider Nest
 45868 | Spider:3 | Offered knowledge of Starburst by Vehumet.
 46311 | Spider:4 | Reached skill level 5 in Dodging
 46373 | Spider:3 | Reached skill level 14 in Spellcasting
 47038 | Spider:3 | Reached XP level 19. HP: 118/119 MP: 17/37
 48170 | Spider:4 | Found a runed translucent door.
 48170 | Spider:4 | Noticed Uximull's ghost (adept DsCA)
 48367 | Spider:4 | Reached skill level 10 in Conjurations
 49109 | Spider:4 | Offered knowledge of Conjure Ball Lightning by Vehumet.
 49354 | Spider:4 | Identified the +2 pair of boots of Restlessness {Stlth+}
 49391 | Spider:4 | Got a gossamer rune of Zot
 49814 | D:10     | Learned a level 6 spell: Conjure Ball Lightning
 49952 | Depths:1 | Entered Level 1 of the Depths
 50132 | Vaults:1 | Entered Level 1 of the Vaults
 50368 | Vaults:1 | HP: 6/138 [vault warden/+0 long sword (17)]
 50556 | Vaults:1 | Found a magical portal.
 50568 | WizLab   | Entered Wucad Mu's Monastery
 51318 | Vaults:1 | Reached skill level 10 in Armour
 51938 | Vaults:1 | Reached skill level 15 in Spellcasting
 51938 | Vaults:1 | Reached XP level 20. HP: 147/147 MP: 24/39
 51942 | Vaults:1 | Reached skill level 10 in Fighting
 52732 | Vaults:2 | Found Sackitoc's Magic Scroll Shop.
 53537 | Vaults:2 | Reached ****** piety under Vehumet
 53584 | Vaults:2 | Offered knowledge of Shatter by Vehumet.
 53584 | Vaults:2 | Offered knowledge of Chain Lightning by Vehumet.
 53584 | Vaults:2 | Offered knowledge of Maxwell's Capacitive Coupling by
                  | Vehumet.
 54108 | Vaults:2 | Found a staircase to the Crypt.
 54794 | Vaults:2 | Identified the +1 great mace "Eroosch" {freeze, rElec Will+
                  | Str+3}
 55835 | Vaults:3 | Reached skill level 16 in Spellcasting
 56783 | Vaults:3 | Reached XP level 21. HP: 156/156 MP: 41/41
 57276 | Vaults:4 | Noticed Norris
 57292 | Vaults:4 | Killed Norris
 57945 | Vaults:4 | Found Aqoteom's General Store.
 58864 | Vaults:4 | Reached skill level 15 in Fire Magic
 59730 | Vaults:3 | Reached skill level 17 in Spellcasting
 60490 | Vaults:3 | Reached XP level 22. HP: 137/165 MP: 33/43
 61221 | Elf:1    | Found a runed translucent door.
 61254 | Elf:1    | Found a runed translucent door.
 62723 | Elf:1    | Got the Essays on Trauma
 63531 | Elf:2    | Found a runed translucent gate.
 63531 | Elf:2    | Found a runed translucent gate.
 63531 | Elf:2    | Found a runed translucent gate.
 63693 | Elf:2    | Found Icidoabo's Assorted Antiques.
 63698 | Elf:3    | Entered Level 3 of the Elven Halls
 64048 | Elf:1    | Found a shimmering blue altar of Sif Muna.
 65635 | Elf:3    | Identified the ring of the Okapi {Fly SInv}
 65755 | Elf:3    | Identified the +3 lajatang of Agony {vamp, ^Contam Fly
                  | rElec SInv}
 65755 | Elf:3    | Identified the +3 leather armour of Ematt {Rampage rElec
                  | rN+}
 65755 | Elf:3    | Identified the ring of Litoghia {rPois Str+6 Dex+2 Slay+3}
 65781 | Elf:3    | Reached skill level 18 in Spellcasting
 66911 | Elf:3    | Reached XP level 23. HP: 171/171 MP: 17/45
 67014 | Elf:3    | Identified the +5 rapier "Falecroxel" {vamp, Str+3 Int+3}
 67022 | Elf:3    | Identified the +4 shortbow of Dithmenos's Delight {heavy,
                  | rF+ rN++}
 67070 | Elf:3    | Identified the +8 rapier of Springtime {flame, rC+ Str+5}
 67317 | Elf:2    | Identified the serpent talisman "Zud Lidy" {Dex+5}
 67317 | Elf:2    | Noticed Aizul
 67832 | Elf:2    | You fall into a shaft and drop 1 floor!
 68078 | Elf:2    | You fall into a shaft and drop 1 floor!
 68288 | Elf:2    | Killed Aizul
 68710 | Elf:2    | Identified the blade talisman of Hucunopu {*Slow rC+ rN++
                  | Stlth+}
 69586 | Vaults:4 | Bought the +6 ring mail "Guntaquq" {^Drain rPois Str+6
                  | Stlth-} for 914 gold pieces
 70274 | Orc:2    | Bought a manual of Stealth for 800 gold pieces
 70550 | Crypt:1  | Entered Level 1 of the Crypt
 70569 | Crypt:1  | Noticed Margery
 70730 | Vaults:2 | Killed Margery
 70731 | Vaults:2 | Reached skill level 1 in Long Blades
 71848 | Crypt:1  | Reached skill level 15 in Conjurations
 72262 | Crypt:2  | Identified the +5 rapier of Moilot {heavy, rF- Dex+6}
 72743 | Crypt:3  | Entered Level 3 of the Crypt
 73172 | Crypt:2  | Learned a level 2 spell: Sublimation of Blood
 73500 | Crypt:2  | Reached skill level 1 in Necromancy
 73832 | Crypt:2  | You fall into a shaft and drop 1 floor!
 74007 | Crypt:3  | Reached skill level 5 in Long Blades
 74007 | Crypt:3  | Reached XP level 24. HP: 75/178 MP: 35/45
 75329 | Crypt:3  | Identified the staff of Callousness {rElec rN+ Will- Dex+3
                  | Stlth+ Necro}
 75467 | Crypt:3  | Reached skill level 10 in Stealth
 77247 | Crypt:3  | Identified the +2 quarterstaff "Spiderslayer" {distort,
                  | rPois rF++ Int+4}
 77461 | Crypt:3  | Found a staircase to the Tomb.
 77653 | Crypt:3  | Noticed a dread lich
 78429 | Crypt:3  | Killed a dread lich
 78546 | Crypt:3  | Found the +8 mithril axe "Arga" {speed, Will+}
 78583 | Crypt:3  | Got Sif Muna's Volume of the Zephyr and Prima Materia
 78607 | Tomb:1   | Entered Level 1 of the Tomb of the Ancients
 79022 | Tomb:1   | Reached skill level 19 in Spellcasting
 79201 | Tomb:1   | Noticed a royal mummy
 79994 | Lair:1   | Killed occam's ghost
 80266 | Shoals:1 | You fall into a shaft and drop 1 floor!
 80565 | Shoals:1 | Got Byaxt's Cyclopedia of Brilliant Cryomancy
 80665 | D:10     | Learned a level 9 spell: Fire Storm
 80857 | Depths:1 | You fall into a shaft and drop 1 floor!
 80861 | Depths:2 | You fall into a shaft and drop 1 floor!
 81378 | Depths:1 | Reached skill level 5 in Necromancy
 82012 | Depths:1 | Found a one-way gate leading to the halls of Pandemonium.
 82126 | Depths:1 | Found a blossoming altar of Fedhas.
 82177 | Depths:1 | Found Riyx's Book Shoppe.
 82297 | Depths:1 | Found Zyskuir's Armour Emporium.
 82317 | Depths:1 | Reached XP level 25. HP: 184/184 MP: 46/46
 82449 | Depths:1 | Found a gateway to Hell.
 83009 | Depths:1 | Found an ornate altar of the Wu Jian Council.
 84826 | Depths:2 | Found a snail-covered altar of Cheibriados.
 84830 | Depths:2 | Noticed Vv
 86542 | Depths:4 | Entered Level 4 of the Depths
 86542 | Depths:4 | Noticed Biggs's ghost (veteran DjCj)
 86542 | Depths:4 | Found a runed translucent door.
 86543 | Depths:4 | Noticed a caustic shrike
 86544 | Depths:4 | Noticed a caustic shrike
 86545 | Depths:4 | Noticed a caustic shrike
 86545 | Depths:4 | Noticed a caustic shrike
 86650 | Depths:3 | Found Figosmam's Weapon Shoppe.
 86678 | Depths:4 | Noticed a caustic shrike
 86688 | Depths:3 | Killed a caustic shrike
 86910 | Depths:2 | Killed a caustic shrike
 87002 | Depths:3 | Killed a caustic shrike
 87519 | Depths:4 | Found a gate to the Realm of Zot.
 87652 | Depths:3 | Killed a caustic shrike
 88200 | Depths:4 | Killed a caustic shrike
 88306 | Depths:4 | Reached XP level 26. HP: 191/191 MP: 41/46
 89099 | D:8      | Bought a smoking leather armour for 196 gold pieces
 89099 | D:8      | Identified the +1 leather armour of Shrieking Intercession
                  | {Stlth+} (You bought it in a shop on level 8 of the
                  | Dungeon)
 89291 | Spider:4 | Killed Uximull's ghost
 89533 | Orc:1    | Bought 2 potions of mutation for 256 gold pieces
 89533 | Orc:1    | Bought a potion of heal wounds for 80 gold pieces
 89533 | Orc:1    | Bought a potion of curing for 48 gold pieces
 89533 | Orc:1    | Bought a potion of curing for 48 gold pieces
 89533 | Orc:1    | Bought a potion of heal wounds for 80 gold pieces
 89533 | Orc:1    | Bought a potion of heal wounds for 80 gold pieces
 89533 | Orc:1    | Bought a potion of enlightenment for 80 gold pieces
 89583 | Orc:2    | Bought a potion of curing for 39 gold pieces
 89583 | Orc:2    | Bought a potion of might for 52 gold pieces
 89583 | Orc:2    | Bought a potion of heal wounds for 65 gold pieces
 89583 | Orc:2    | Bought a potion of enlightenment for 65 gold pieces
 89593 | Orc:2    | Bought a potion of heal wounds for 65 gold pieces
 89593 | Orc:2    | Bought a potion of curing for 39 gold pieces
 89593 | Orc:2    | Bought a potion of resistance for 130 gold pieces
 89593 | Orc:2    | Bought a potion of curing for 39 gold pieces
 89593 | Orc:2    | Bought 2 potions of cancellation for 208 gold pieces
 89593 | Orc:2    | Bought a potion of resistance for 130 gold pieces
 89593 | Orc:2    | Bought a potion of mutation for 104 gold pieces
 89593 | Orc:2    | Bought a potion of enlightenment for 65 gold pieces
 89593 | Orc:2    | Bought a potion of enlightenment for 65 gold pieces
 89846 | Slime:1  | Entered Level 1 of the Pits of Slime
 90368 | Slime:3  | Reached skill level 15 in Stealth
 90920 | Slime:5  | Entered Level 5 of the Pits of Slime
 91315 | Slime:5  | Noticed the Royal Jelly
 93211 | Slime:4  | Noticed Dissolution
 93214 | Slime:4  | Killed Dissolution
 93367 | Slime:5  | Gained mutation: You occasionally lose the ability to drink
                  | potions when taking damage. [mutagenic glow]
 93567 | Slime:5  | Killed the Royal Jelly
 94101 | Slime:5  | Identified the ring "Getulai" {rPois Will+ SInv}
 94120 | Slime:5  | Identified the +6 glaive "Boytwasokk" {elec, Int+6 Dex+3}
 94142 | Slime:5  | Got a slimy rune of Zot
 94143 | Slime:5  | Identified the +3 great sword "Ficadyxi" {venom, Will+
                  | Str+3}
 94163 | Slime:5  | Identified the +5 plate armour of the Candlemaker {rPois
                  | rCorr Str-3 Dex-5}
 94209 | Slime:5  | Identified the +8 battleaxe of the Morning {drain, rN+
                  | rCorr MP+9}
 95153 | Depths:3 | Found a one-way gateway to a ziggurat.
 95389 | Depths:2 | Reached skill level 20 in Spellcasting
 95679 | Depths:3 | Found a runed translucent gate.
 95680 | Depths:3 | Found a runed translucent gate.
 95681 | Depths:3 | Found a runed translucent gate.
 95750 | Depths:3 | Lost mutation: Your spells are a little harder to cast, but
                  | a little more powerful. [mutagenic glow]
 96351 | Depths:3 | Noticed a juggernaut
 96473 | Zot:1    | Entered Level 1 of the Realm of Zot
 96601 | Zot:1    | Identified the ring of the Genius {Ice rN+ Will+ Int-3}
 96601 | Zot:1    | Noticed Josephina
 96604 | Zot:1    | Killed Josephina
 96762 | Zot:1    | Identified the +1 leather armour of the Elven Halls {Harm
                  | rElec Will- Dex+3}
 97391 | Depths:2 | Found a snail-covered altar of Cheibriados.
 97495 | Depths:2 | You fall into a shaft and drop 1 floor!
 97734 | Depths:3 | Reached XP level 27. HP: 197/197 MP: 33/47
 97818 | Depths:3 | Killed a juggernaut
 97985 | Depths:3 | You fall into a shaft and drop 1 floor!
 98255 | Depths:3 | Found a runed translucent gate.
 98255 | Depths:3 | Found a runed translucent gate.
 98259 | Depths:3 | Noticed Nevi's ghost (adept DEHW)
 98265 | Depths:3 | Found a runed translucent gate.
 98384 | Depths:3 | Killed Nevi's ghost
 98545 | Depths:3 | Identified the +1 pair of boots "Figyheca" {Str+3 Dex+4
                  | SInv}
 99233 | Depths:3 | You fall into a shaft and drop 1 floor!
 99336 | Depths:4 | Found a runed translucent door.
 99356 | Depths:4 | Noticed sasquatch's ghost (veteran CoBe)
 99372 | Depths:4 | Learned a level 9 spell: Polar Vortex
 99539 | Depths:4 | Found a gate to the Realm of Zot.
 99985 | Depths:3 | Killed Biggs's ghost
100150 | Depths:2 | You fall into a shaft and drop 1 floor!
100312 | Depths:4 | Found a runed translucent door.
100315 | Depths:4 | Noticed Jajuenucs's ghost (veteran GnWn)
100320 | Depths:4 | Got the Elucidation of Malediction
100520 | Depths:4 | Identified the +1 short sword "Codov" {drain, rF+++ rC+}
100853 | Depths:4 | Found a gate to the Realm of Zot.
101187 | Depths:4 | Killed Jajuenucs's ghost
101377 | D:9      | Found the necklace of Bloodlust {Fury *Rage Will++ Int-3
                  | Slay+6}
101468 | D:9      | Found a burning altar of Makhleb.
101869 | Vaults:5 | Entered Level 5 of the Vaults
101879 | Vaults:5 | Noticed Bai Suzhen
101885 | Vaults:5 | Killed Bai Suzhen
102051 | Vaults:5 | Noticed an ancient lich
102056 | Vaults:5 | Killed an ancient lich
102519 | Vaults:5 | Noticed a dread lich
102524 | Vaults:5 | Killed a dread lich
102679 | Vaults:5 | Reached skill level 10 in Ice Magic
102775 | Vaults:5 | Noticed a dread lich
102779 | Vaults:5 | Killed a dread lich
103052 | Vaults:5 | Killed a dread lich
103054 | Vaults:5 | Noticed a dread lich
103057 | Vaults:5 | Killed a dread lich
103124 | Vaults:5 | Identified the staff "Wiotaogg" {rN+ Dex+4 Conj}
103139 | Vaults:5 | Identified the ring of Wam Vack {rPois MP+9 Str+3}
103180 | Vaults:5 | Identified the +0 pair of boots "Pujael" {Rampage rPois rC+
                  | rN++}
103187 | Vaults:5 | Identified the +2 cloak "Geskup" {rN+ Int+8 Slay-2 SInv}
103230 | Vaults:5 | Identified the +6 dire flail of Pounnuurgh {heavy, rPois
                  | rC++ Str+5}
104168 | Vaults:5 | Got a silver rune of Zot
104324 | Vaults:5 | Found Cukizik's Magic Scroll Emporium.
104330 | Vaults:5 | Bought a scroll of silence for 199 gold pieces
104330 | Vaults:5 | Bought a scroll of butterflies for 84 gold pieces
104330 | Vaults:5 | Bought a scroll of poison for 84 gold pieces
104330 | Vaults:5 | Bought a scroll of revelation for 157 gold pieces
104330 | Vaults:5 | Bought a scroll of amnesia for 84 gold pieces
104330 | Vaults:5 | Bought a scroll of silence for 199 gold pieces
104506 | Vaults:5 | Identified the +10 flail of the Writhing Gods {elec, rF+}
104967 | D:10     | Acquired a +5 longbow of freezing
105171 | Hell     | Entered the Vestibule of Hell
105171 | Hell     | Noticed Geryon
105175 | Hell     | Gained mutation: Your health recovers twice as slowly from
                  | being drained. [mutagenic glow]
106162 | Hell     | Reached skill level 15 in Ice Magic
106545 | Hell     | Killed Geryon
106743 | Hell     | Found a gateway to the ashen valley of Gehenna.
106767 | Hell     | Found a gateway to the Iron City of Dis.
106925 | Hell     | Found a gateway to the freezing wastes of Cocytus.
107133 | Hell     | Found a gateway to the decaying netherworld of Tartarus.
107202 | Tar:1    | Entered Level 1 of Tartarus
107760 | Geh:1    | Entered Level 1 of Gehenna
109298 | Dis:1    | Entered Level 1 of the Iron City of Dis
109475 | Coc:1    | Entered Level 1 of Cocytus
109783 | D:10     | Lost mutation: You occasionally lose the ability to drink
                  | potions when taking damage. [potion of mutation]
109783 | D:10     | Lost mutation: Your natural rate of healing is unusually
                  | fast. [potion of mutation]
109783 | D:10     | Gained mutation: Your spells are a little harder to cast,
                  | but a little more powerful. [potion of mutation]
109783 | D:10     | Gained mutation: You are strong-willed. (Will+) [potion of
                  | mutation]
109783 | D:10     | Gained mutation: Your magical capacity is low. (-10% MP)
                  | [potion of mutation]
109783 | D:10     | Gained mutation: Your muscles are strong. (Str +4, Int/Dex
                  | -1) [potion of mutation]
109784 | D:10     | Lost mutation: Your spells are a little harder to cast, but
                  | a little more powerful. [potion of mutation]
109784 | D:10     | Lost mutation: You are strong-willed. (Will+) [potion of
                  | mutation]
109784 | D:10     | Gained mutation: You occasionally shout uncontrollably at
                  | your foes. [potion of mutation]
109785 | D:10     | Lost mutation: You occasionally shout uncontrollably at
                  | your foes. [potion of mutation]
109785 | D:10     | Lost mutation: Your magical capacity is low. (-10% MP)
                  | [potion of mutation]
109785 | D:10     | Gained mutation: Your magical capacity is low. (-10% MP)
                  | [potion of mutation]
109785 | D:10     | Lost mutation: Your mind is acute. (Int +4, Str/Dex -1)
                  | [potion of mutation]
109785 | D:10     | Gained mutation: You expend magic power (3 MP) to
                  | strengthen your wands. [potion of mutation]
109786 | D:10     | Lost mutation: Your health recovers twice as slowly from
                  | being drained. [potion of mutation]
109786 | D:10     | Lost mutation: Your magical capacity is low. (-10% MP)
                  | [potion of mutation]
109786 | D:10     | Gained mutation: You are frail. (-10% HP) [potion of
                  | mutation]
109786 | D:10     | Lost mutation: You expend magic power (3 MP) to strengthen
                  | your wands. [potion of mutation]
109786 | D:10     | Gained mutation: You have large cloven feet. [potion of
                  | mutation]
109787 | D:10     | Lost mutation: You have large cloven feet. [potion of
                  | mutation]
109787 | D:10     | Lost mutation: Your muscles are strong. (Str +4, Int/Dex
                  | -1) [potion of mutation]
109787 | D:10     | Lost mutation: You are frail. (-10% HP) [potion of
                  | mutation]
109787 | D:10     | Gained mutation: You are dopey. (Int -2) [potion of
                  | mutation]
109787 | D:10     | Gained mutation: You are robust. (+10% HP) [potion of
                  | mutation]
110066 | Coc:2    | Reached skill level 10 in Translocations
110087 | Coc:2    | Reached skill level 1 in Axes
110384 | Coc:3    | Noticed a shard shrike
110385 | Coc:3    | Noticed a shard shrike
110385 | Coc:3    | Noticed a shard shrike
110385 | Coc:3    | Noticed a shard shrike
110386 | Coc:3    | Noticed a shard shrike
110388 | Coc:3    | Killed a shard shrike
110388 | Coc:3    | Killed a shard shrike
110388 | Coc:3    | Noticed a shard shrike
110388 | Coc:3    | Killed a shard shrike
110388 | Coc:3    | Killed a shard shrike
110389 | Coc:3    | Killed a shard shrike
111080 | Depths:1 | You are sucked into a shaft and drop 1 floor!
111270 | Depths:1 | Killed sasquatch's ghost
111478 | Depths:1 | You are sucked into a shaft and drop 1 floor!
111723 | Depths:1 | You are sucked into a shaft and drop 1 floor!
111916 | Depths:2 | Killed Vv
112768 | D:10     | Learned a level 8 spell: Lehudib's Crystal Spear
112974 | Zig:1    | Entered Level 1 of a ziggurat
112990 | Zig:1    | Identified the +12 quarterstaff of True Grit {heavy, Str+2}
112995 | Zig:2    | Entered Level 2 of a ziggurat
112998 | Zig:2    | Reached skill level 1 in Earth Magic
113025 | Zig:3    | Entered Level 3 of a ziggurat
113694 | Zig:4    | Entered Level 4 of a ziggurat
113808 | Zig:4    | Identified the +12 hand axe "Lejuzxi" {speed, Will+ Int+3}
113816 | Zig:4    | Acquired a +2 tower shield of cold resistance
113821 | Zig:5    | Entered Level 5 of a ziggurat
113858 | Zig:6    | Entered Level 6 of a ziggurat
113945 | Zig:7    | Entered Level 7 of a ziggurat
114005 | Zig:8    | Entered Level 8 of a ziggurat
114043 | Zig:8    | Noticed Next the pandemonium lord
114056 | Zig:8    | Killed Next the pandemonium lord
114273 | Zig:8    | Found the +13 scythe of Curses {drain, curses, ^Drain}
114305 | Zig:9    | Entered Level 9 of a ziggurat
114317 | Zig:9    | Noticed a royal mummy
114319 | Zig:9    | Noticed a royal mummy
114320 | Zig:9    | Killed a royal mummy
114321 | Zig:9    | Reached skill level 5 in Earth Magic
114322 | Zig:9    | Killed a royal mummy
114322 | Zig:9    | Killed a royal mummy
114623 | Zig:9    | Identified the +4 great sword of Razacury {antimagic, *Slow
                  | rF+++}
114635 | Zig:10   | Entered Level 10 of a ziggurat
114719 | Zig:10   | Identified the +1 ring mail "Resoef" {Rampage rN+++ Will-
                  | Int+2}
114728 | Zig:10   | Got Isuqiaso's Book of Correspondence and the Torch
114729 | Zig:10   | Identified the +7 rapier "Ryorewn" {freeze, rElec rPois}
114735 | Zig:11   | Entered Level 11 of a ziggurat
114757 | Zig:11   | Found the +7 great mace "Undeadhunter" {deathbane, rN+}
114765 | Zig:11   | Identified the +7 fire dragon scales of Ashenzari's Grace
                  | {Rampage rF++ rC- Will- Str-5 Dex+8}
114776 | Zig:11   | Identified the +0 scale mail of Conscience {-Tele rPois
                  | rN++ MP-9}
114777 | Zig:11   | Identified the +0 leather armour of the Equator {Str-2
                  | Int+4 Dex+4}
114857 | Zig:12   | Entered Level 12 of a ziggurat
114867 | Zig:12   | Reached skill level 21 in Spellcasting
114876 | Zig:12   | Noticed SaltyWalty's ghost (legendary BaIE)
114885 | Zig:12   | Killed SaltyWalty's ghost
115203 | Zig:12   | Identified the +2 buckler of the Sacrificial Victim {rPois
                  | rCorr Int-2 Dex+7}
115231 | Zig:13   | Entered Level 13 of a ziggurat
115258 | Zig:13   | Identified the ring of Temptation {rPois Dex+6 Slay+3}
115313 | Zig:13   | Identified the +3 arbalest "Inwiotz" {penet, +Blink rF+
                  | rC+++ Int-4}
115331 | Zig:13   | Learned a level 3 spell: Ozocubu's Armour
115342 | Zig:14   | Entered Level 14 of a ziggurat
115353 | Zig:14   | Noticed a shard shrike
115356 | Zig:14   | Killed a shard shrike
115360 | Zig:14   | Noticed a shard shrike
115363 | Zig:14   | Killed a shard shrike
115366 | Zig:14   | Noticed a shard shrike
115369 | Zig:14   | Killed a shard shrike
115835 | Zig:14   | Identified the staff of Gigil {Fly rElec rPois Int-3
                  | Alchemy}
115890 | Zig:15   | Entered Level 15 of a ziggurat
116056 | Zig:15   | Identified the staff of War {rF+ Str+5 Stlth- Earth}
116070 | Zig:16   | Entered Level 16 of a ziggurat
116084 | Zig:16   | Reached skill level 10 in Necromancy
116087 | Zig:16   | Reached skill level 10 in Earth Magic
116376 | Zig:16   | Found the +1 eveningstar "Brilliance" {foul flame, Umbra}
116407 | Zig:16   | Got the Quarto of Ectoplasm
116419 | Zig:16   | Reached skill level 22 in Spellcasting
116465 | Zig:17   | Entered Level 17 of a ziggurat
116639 | Zig:17   | Identified the ring "Vodd" {rN+ Int+5}
116640 | Zig:17   | Identified the +8 mace of Naseng {freeze, Int+3}
116642 | Zig:17   | Got the Vellum of Impurities
116648 | Zig:17   | Identified the +2 leather armour of Gravity {-Cast rC-
                  | Will+++}
116663 | Zig:17   | Identified the +11 longbow of the Neverending Knives
                  | {flame, rElec rN++ Will- Str+3}
116680 | Zig:18   | Entered Level 18 of a ziggurat
116698 | Zig:18   | Noticed Won Ocur the pandemonium lord
116716 | Zig:18   | Killed Won Ocur the pandemonium lord
116764 | Zig:18   | Identified the +0 ring mail of Qeozxom {rF- Str+3 Int+5}
116765 | Zig:18   | Identified the ring of Hilusch {rElec rC- Int+3 SInv}
116769 | Zig:18   | Identified the ring "Manig" {rF+ rC+ Str+4 SInv}
117311 | D:10     | Acquired a +2 triple sword of freezing
117641 | Orc:2    | Bought a book of Death for 528 gold pieces
119053 | Zot:1    | Noticed an orb of fire
119053 | Zot:1    | Noticed an orb of fire
119165 | Zot:2    | Noticed Grunn
119168 | Zot:2    | Killed Grunn
120277 | Zot:1    | Reached skill level 15 in Fighting
120320 | Zot:1    | Reached skill level 23 in Spellcasting
120321 | Zot:1    | Noticed an orb of fire
120726 | Zot:1    | Gained mutation: You occasionally lose the ability to drink
                  | potions when taking damage. [an orb of fire]
120736 | Zot:1    | Gained mutation: You sometimes lose the ability to drink
                  | potions when taking damage. [an orb of fire]
120738 | Zot:1    | Killed an orb of fire
121008 | Zot:2    | Learned a level 1 spell: Apportation
122937 | Zot:5    | Entered Level 5 of the Realm of Zot
123479 | Zot:5    | Found a runed translucent gate.
123480 | Zot:5    | Found a runed translucent gate.
124395 | Zot:4    | Reached skill level 10 in Dodging
125446 | Zot:5    | Noticed Caurgh's ghost (veteran OnBe)
125447 | Zot:5    | Found a runed translucent gate.
126104 | Zot:5    | Noticed an orb of fire
126107 | Zot:5    | Noticed an orb of fire
126113 | Zot:5    | Gained mutation: Your body sometimes deteriorates upon
                  | taking damage. [an orb of fire]
126114 | Zot:5    | Noticed an orb of fire
126404 | Zot:5    | Killed an orb of fire
126405 | Zot:5    | Noticed an orb of fire
126724 | Zot:5    | Killed an orb of fire
126980 | Zot:5    | Gained mutation: You are weak. (Str -2) [an orb of fire]
126980 | Zot:5    | Gained mutation: Your spells are a little easier to cast,
                  | but a little less powerful. [an orb of fire]
127075 | Zot:5    | Gained mutation: You are very dopey. (Int -4) [an orb of
                  | fire]
127080 | Zot:4    | Gained mutation: Your spells are easier to cast, but less
                  | powerful. [an orb of fire]
127085 | Zot:4    | Killed an orb of fire
127219 | Zot:5    | Gained mutation: You occasionally shout uncontrollably at
                  | your foes. [an orb of fire]
127600 | Zot:5    | Noticed an orb of fire
127613 | Zot:5    | Lost mutation: You are robust. (+10% HP) [an orb of fire]
127616 | Zot:5    | Gained mutation: Potions are less effective at restoring
                  | your health. [an orb of fire]
127625 | Zot:4    | Killed an orb of fire
127799 | Zot:5    | Gained mutation: You occasionally lose the ability to read
                  | scrolls when taking damage. [an orb of fire]
127810 | Zot:5    | Killed an orb of fire
128138 | Zot:1    | Gained mutation: You frequently scream uncontrollably at
                  | your foes. [an orb of fire]
128140 | Zot:1    | Killed an orb of fire
128371 | Zot:1    | You are sucked into a shaft and drop 1 floor!
128371 | Zot:2    | Found a runed translucent gate.
128371 | Zot:2    | Found a runed translucent gate.
128371 | Zot:2    | Found a runed translucent gate.
128373 | Zot:2    | Noticed Vytzaeja's ghost (veteran OnBe)
128581 | Zot:1    | You are sucked into a shaft and drop 1 floor!
129233 | D:10     | Lost mutation: You frequently scream uncontrollably at your
                  | foes. [potion of mutation]
129233 | D:10     | Lost mutation: Your body sometimes deteriorates upon taking
                  | damage. [potion of mutation]
129233 | D:10     | Gained mutation: Potions cannot restore your health.
                  | [potion of mutation]
129233 | D:10     | Lost mutation: You are very dopey. (Int -4) [potion of
                  | mutation]
129234 | D:10     | Lost mutation: You occasionally shout uncontrollably at
                  | your foes. [potion of mutation]
129234 | D:10     | Lost mutation: Potions cannot restore your health. [potion
                  | of mutation]
129234 | D:10     | Lost mutation: You sometimes lose the ability to drink
                  | potions when taking damage. [potion of mutation]
129234 | D:10     | Lost mutation: Your spells are easier to cast, but less
                  | powerful. [potion of mutation]
129234 | D:10     | Lost mutation: You are dopey. (Int -2) [potion of mutation]
129234 | D:10     | Gained mutation: You are dopey. (Int -2) [potion of
                  | mutation]
129234 | D:10     | Gained mutation: You are agile. (Dex +4, Str/Int -1)
                  | [potion of mutation]
129235 | D:10     | Lost mutation: You occasionally lose the ability to drink
                  | potions when taking damage. [potion of mutation]
129235 | D:10     | Lost mutation: You are weak. (Str -2) [potion of mutation]
129235 | D:10     | Lost mutation: You occasionally lose the ability to read
                  | scrolls when taking damage. [potion of mutation]
129235 | D:10     | Gained mutation: You are partially covered in iridescent
                  | scales. (AC +2) [potion of mutation]
129235 | D:10     | Lost mutation: Your spells are a little easier to cast, but
                  | a little less powerful. [potion of mutation]
129236 | D:10     | Lost mutation: You are agile. (Dex +4, Str/Int -1) [potion
                  | of mutation]
129236 | D:10     | Lost mutation: You are partially covered in iridescent
                  | scales. (AC +2) [potion of mutation]
129236 | D:10     | Lost mutation: Potions are less effective at restoring your
                  | health. [potion of mutation]
129236 | D:10     | Gained mutation: Your body sometimes deteriorates upon
                  | taking damage. [potion of mutation]
129236 | D:10     | Gained mutation: Your spells are a little harder to cast,
                  | but a little more powerful. [potion of mutation]
129237 | D:10     | Lost mutation: Your spells are a little harder to cast, but
                  | a little more powerful. [potion of mutation]
129237 | D:10     | Lost mutation: You are dopey. (Int -2) [potion of mutation]
129237 | D:10     | Lost mutation: Your body sometimes deteriorates upon taking
                  | damage. [potion of mutation]
129237 | D:10     | Gained mutation: You have large cloven feet. [potion of
                  | mutation]
129237 | D:10     | Lost mutation: You have large cloven feet. [potion of
                  | mutation]
129237 | D:10     | Gained mutation: You are partially covered in large bone
                  | plates. (SH +4) [potion of mutation]
129490 | Zot:1    | Killed an orb of fire
130761 | Zot:5    | Noticed a Killer Klown
130764 | Zot:5    | Killed a Killer Klown
130811 | Zot:5    | Noticed a Killer Klown
130816 | Zot:5    | Killed a Killer Klown
130870 | Zot:5    | Noticed a Killer Klown
130873 | Zot:5    | Killed a Killer Klown
131061 | Zot:5    | Noticed a dread lich
131066 | Zot:5    | Killed a dread lich
131267 | Zot:5    | Noticed a dread lich
131275 | Zot:5    | Killed a dread lich
131414 | Zot:5    | Noticed an orb of fire
131433 | Zot:5    | Gained mutation: You are frail. (-10% HP) [an orb of fire]
131443 | Zot:5    | Gained mutation: Your spells are a little easier to cast,
                  | but a little less powerful. [an orb of fire]
131691 | Zot:5    | Killed an orb of fire
132205 | Zot:5    | Noticed a dread lich
132209 | Zot:5    | Killed a dread lich
132358 | Zot:5    | Noticed a dread lich
132370 | Zot:5    | Killed a dread lich
133270 | Zot:5    | Killed Caurgh's ghost
133655 | Zot:2    | Noticed an orb of fire
133657 | Zot:2    | Gained mutation: You are weak. (Str -2) [an orb of fire]
134059 | Zot:2    | Killed an orb of fire
134481 | Zot:2    | Noticed a shard shrike
134499 | Zot:2    | Killed a shard shrike
134821 | Zot:2    | Noticed a shard shrike
134827 | Zot:2    | Identified the +6 morningstar "Naxeocid" {drain, *Rage
                  | rElec Str-3 SInv}
134830 | Zot:2    | Killed a shard shrike
135605 | Zot:2    | Killed Vytzaeja's ghost
135809 | Zot:2    | Identified the +3 shortbow "Ahasysi" {heavy, rElec rF+
                  | Stlth+}
135810 | Zot:2    | Identified the staff of Evil {rPois rF+ Int+7 Fire Earth}
135812 | Zot:2    | Identified the staff of Doomed Prudence {rC+ Stlth- Ice Air
                  | Earth}
136124 | D:10     | Lost mutation: Your spells are a little easier to cast, but
                  | a little less powerful. [potion of mutation]
136124 | D:10     | Lost mutation: You are frail. (-10% HP) [potion of
                  | mutation]
136124 | D:10     | Lost mutation: You are partially covered in large bone
                  | plates. (SH +4) [potion of mutation]
136124 | D:10     | Gained mutation: Armour fits poorly on your strangely
                  | shaped body. [potion of mutation]
136125 | D:10     | Lost mutation: You are weak. (Str -2) [potion of mutation]
136125 | D:10     | Lost mutation: Armour fits poorly on your strangely shaped
                  | body. [potion of mutation]
136125 | D:10     | Gained mutation: You are vulnerable to heat. (rF-) [potion
                  | of mutation]
136125 | D:10     | Gained mutation: Your spells are a little harder to cast,
                  | but a little more powerful. [potion of mutation]
136125 | D:10     | Gained mutation: You have sharp toenails. [potion of
                  | mutation]
136126 | D:10     | Lost mutation: Your spells are a little harder to cast, but
                  | a little more powerful. [potion of mutation]
136126 | D:10     | Lost mutation: You are vulnerable to heat. (rF-) [potion of
                  | mutation]
136126 | D:10     | Gained mutation: You passively map a small area around you.
                  | [potion of mutation]
136126 | D:10     | Gained mutation: Your movements are slightly less
                  | encumbered by armour. (ER -2) [potion of mutation]
136126 | D:10     | Gained mutation: You occasionally lose the ability to drink
                  | potions when taking damage. [potion of mutation]
136126 | D:10     | Gained mutation: You possess an exceptional clarity of
                  | mind. [potion of mutation]
136127 | D:10     | Lost mutation: Your movements are slightly less encumbered
                  | by armour. (ER -2) [potion of mutation]
136127 | D:10     | Lost mutation: You occasionally lose the ability to drink
                  | potions when taking damage. [potion of mutation]
136127 | D:10     | Lost mutation: You have sharp toenails. [potion of
                  | mutation]
136127 | D:10     | Gained mutation: You are clumsy. (Dex -2) [potion of
                  | mutation]
136127 | D:10     | Gained mutation: Your flesh is heat resistant. (rF+)
                  | [potion of mutation]
136127 | D:10     | Gained mutation: You occasionally shout uncontrollably at
                  | your foes. [potion of mutation]
136352 | Pan      | Entered Pandemonium
136450 | Pan      | Identified the +3 buckler "Parchaha" {-Tele *Corrode rElec
                  | Will+++}
138495 | Pan      | Identified the +4 ring mail "Buat Xua" {Dex+5}
138510 | Pan      | Noticed a seraph
138572 | Pan      | Killed a seraph
138602 | Pan      | HP: 5/214 [daeva/divine providence (15)]
138605 | Pan      | Killed from afar by a daeva

Illustrated notes

Levels and vault maps discovered:
D:1:      evilmike_arrival_hilbert_curve, layout_basic,
          minmay_misc_feat_four_crosses
D:2:      layout_loops_ring, serial_shops, shop, shop,
          nicolae_shop_bloodbath_and_beyond, minmay_hedge_maze,
          uniq_crazy_yiuf_cottage, uniq_jessica, uniq_natasha
D:3:      layout_loops_ring, mainiacjoe_overflow_divided_tiny,
          gup_sewer_entry_pipe, gammafunk_ghost_grave
D:4:      layout_basic, elyvilon_altar_3, serial_corexii_hall,
          corexii_hall_statues_i, chequers_hall_statues_y,
          corexii_hall_statues_x, corexii_hall_statues_i, serial_shops,
          shop_statue
D:5:      layout_basic, uniq_grinder
D:6:      layout_basic, grunt_temple_overflow_forces_of_nature,
          cheibrodos_ashenzari_chains, serial_shops, shop, shop, shop, shop
D:7:      layout_loops_ring, overflow_temple_1_default,
          nicolae_dithmenos_the_darkroom, minmay_temple_entry_poolview,
          serial_shops, nicolae_diamond_shop
D:8:      layout_cave_pods, enter_bailey_8, nicolae_shop_distant_corner_stores
D:9:      layout_basic, mainiacjoe_overflow_alcove_4,
          mainiacjoe_overflow_brackets, overflow_temple_1_default,
          hellmonk_guarded_unrand_vitality_bloodlust
D:10:     layout_roguey, lemuel_tele_altar, grunt_lair_entry_orc_guard_hut,
          zombieorc2_lemuel, st_stairs_8
D:11:     layout_basic
D:12:     layout_irregular_city, uniq_lodul
D:13:     layout_roguey
D:14:     layout_basic, david_vaults_2, nicolae_qazlal_general_emergency
D:15:     hangedman_depths_entry_civil_slaughter, layout_basic, serial_shops,
          nicolae_shop_peninsula, nicolae_trove_entry_free_sample, drop_trap
Temple:   chequers_temple_sunken
Lair:1:   layout_chaotic_city, basic_altar, gammafunk_ghost_abyssal_escape
Lair:2:   layout_misc_corridors, minmay_shoals_entry_hut,
          spider_nest_entry_funnel_web
Lair:3:   layout_hall_layers
Lair:4:   layout_cave_pods, portal_ice_cave_rime
Lair:5:   wormcave, layout_loops_ring, hangedman_lair_in_review, slime_entry_1
Shoals:1: gammafunk_sealed_arena, layout_shoals,
          nicolae_shoals_siren_and_animal_friends
Shoals:2: layout_shoals, nicolae_shoals_loop_pool
Shoals:3: layout_shoals, nicolae_shoals_kraken_party
Shoals:4: shoals_end_simple, layout_shoals, minmay_shop_mayhem
Spider:1: layout_spider_delve
Spider:2: nicolae_spider_hilbert_zone_5 [nicolae_spider_hilbert_3_sides_1_open,
          nicolae_spider_hilbert_4_sides_1_open,
          nicolae_spider_hilbert_4_sides_1_open,
          nicolae_spider_hilbert_6_sides_1_open,
          nicolae_spider_hilbert_6_sides_1_open], hellmonk_test_site
Spider:3: layout_spider_delve
Spider:4: guppyfry_spider_rune, gammafunk_ghost_grave
Slime:1:  layout_caves, cheibrodos_slime_lost_civilization_7
Slime:2:  layout_caves
Slime:3:  layout_caves
Slime:4:  layout_caves, uniq_dissolution
Slime:5:  slime_pit_nicolae_jellycorners
Orc:1:    layout_diamond_mine, serial_shops, shop, basic_altar,
          hellmonk_ghost_happy_afterlife, uniq_sonja, uniq_snorg
Orc:2:    st_orc_town, layout_diamond_mine, serial_shops,
          nicolae_shop_advertising_works [nicolae_subvault_shop_adworks]
Elf:1:    nicolae_elf_arrival_dilemma, layout_onion_city,
          minmay_elf_annihilation, lemuel_upstairs_altar
Elf:2:    elven_hall_of_blades_hangedman_original [nicolae_blade_lattice],
          layout_loops_cross, serial_shops, nicolae_shop_overgrown_old_shop,
          minmay_misc_feat_rows, uniq_aizul
Elf:3:    minmay_elf_hall, layout_geoelf_castle
Vaults:1: infiniplex_enter_wizlab_glasses, nicolae_vaults_offset_grid_hallway_3,
          nicolae_vaults_security_offices_3, v_alt_pattern_6,
          ontoclasm_vaults_gateway, nicolae_vaults_little_squares_4,
          nicolae_vaults_tetromino_L_2, ontoclasm_vaults_claustrophobia,
          nicolae_vaults_prndl, v_misc_26, ontoclasm_vaults_idyll,
          grunt_vaults_hallway_short, nicolae_vaults_closet_pinwheel_4,
          nicolae_vaults_house_2, layout_vaults_omnibox
Vaults:2: minmay_crypt_entry_simple_sparse, v_misc_9, ontoclasm_vaults_tryst,
          nicolae_vaults_little_squares_3, nicolae_vaults_little_squares_1,
          v_alt_pattern_1, minmay_orc_keep, st_hourglassy,
          layout_vaults_omnigrid, serial_shops, shop
Vaults:3: st_greater_box_3, hangedman_vaults_restitches, v_misc_31,
          hangedman_vaults_capsules, vaults_room_stairs_pillars,
          nicolae_vaults_storage_closets_1, nicolae_vaults_little_ls,
          vaults_dpeg_encased_lava, vaults_room_grid, layout_vaults_chaotic_city
Vaults:4: v_misc_22, nicolae_vaults_two_Ls, nicolae_vaults_closet_pinwheel_1,
          nicolae_vaults_diamond_2, hangedman_vaults_stagger,
          nicolae_vaults_security_offices_5, nicolae_vaults_surprise_closet,
          nicolae_vaults_offset_grid_hallway_3,
          nicolae_vaults_closet_pinwheel_2, ontoclasm_vaults_ring_square,
          vaults_dpeg_ring, nicolae_vaults_rhombus_5,
          nicolae_vaults_apartment_1, nicolae_vaults_asterisk, v_pattern_2,
          layout_vaults_omnicross, serial_shops, nicolae_square_shop,
          uniq_norris
Vaults:5: uniq_bai_suzhen
Crypt:1:  layout_misc_corridors, grunt_megastairs_3, uniq_margery
Crypt:2:  layout_basic, serial_library_hellmonk_room_a, due_unseen_surprise
Crypt:3:  quadcrypt_mu
Tomb:1
Depths:1: kennysheep_windowed_halls, layout_cave_shapes, hell_entry,
          fedhas_altar_3, rand_demon_pan_entry_3, nzn_wu_jian_contemplation,
          minmay_shoptagon, firewood_loft, serial_bayou_shore_b
Depths:2: nooodl_glass_maze, layout_gridville, grunt_metal_band,
          hangedman_decor_peaks_small, grunt_pan_entry_zigzag, serial_glass,
          glass_columns_a, glass_columns_a, abyss_entry_crystal, st_stairs_7,
          cheibriados_altar_1, uniq_vv
Depths:3: evilmike_diamond_2, layout_cross, enter_ziggurat_e,
          nicolae_zig_zag_zippers, ploomutoo_gammafunk_ghost_potion_laboratory,
          hell_entry, serial_shops, shop, nicolae_abyss_entry_one_way_or_another
Depths:4: evilmike_zot_entry_argh, layout_basic, hell_entry,
          muffindrake_ghost_three_little_ghosts
Hell
Dis:1:    layout_overlapping_boxes
Geh:1:    layout_gehenna_lava_caves, nicolae_geh_gnashing_of_teeth
Geh:2:    layout_gehenna_lava_caves
Geh:3:    layout_gehenna_pools_basic
Geh:4:    layout_gehenna_pools_box
Coc:1:    layout_cocytus_water_paths
Coc:2:    layout_ice_bergs
Coc:3:    layout_cocytus_water_paths
Tar:1:    layout_cathedral_of_symmetry
Tar:2:    layout_grid_maze, nicolae_tar_cuneiform_city
Zot:1:    kennysheep_blocky_room, layout_misc_corridors,
          regret_index_zot_stipple_split, grunt_ministairs_7,
          lemuel_lake_of_fire, uniq_josephina
Zot:2:    minmay_elemental_castle, layout_onion_interference,
          gammafunk_ghost_necromancy, grunt_ministairs_8,
          lemuel_baited_zot_trap, uniq_grunn
Zot:3:    layout_onion_interference, regret_index_zotdec_under_construction,
          grunt_megastairs_4
Zot:4:    layout_onion, grunt_megastairs_5
Zot:5:    layout_gridlike, gammafunk_ghost_split
Pan:      evilmike_holy_pan

Skill      XL: |  1  2  3  4  5  6  7  8  9 10 11 12 13 14 15 16 17 18 19 20 21 22 23 24 25 26 27 |
---------------+----------------------------------------------------------------------------------+-----
Spellcasting   | 1 2 3 4 5 6 8 9 11 12 13 14 15 16 17 18 19 20 23 | 23.9
Dodging        | 2 3 4 5 6 7 12 | 12.5
Ranged Weapons | 1 3 4 5 6 7 8 |  8.0
Fighting       | 4 6 7 9 11 12 17 | 17.1
Armour         | 4 7 8 10 12 | 12.8
Ice Magic      | 3 5 21 | 21.8
Evocations     | 2 |  2.0
Fire Magic     | 3 5 8 9 11 12 13 14 15 16 17 18 19 22 | 22.0
Air Magic      | 2 4 5 7 8 9 10 | 10.8
Shields        | 3 9 10 11 12 14 15 16 18 19 | 19.0
Alchemy        | 2 7 8 |  8.0
Conjurations   | 1 3 5 6 8 9 10 11 12 14 15 16 17 18 20 | 20.9
Translocations | 6 7 8 9 12 | 12.4
Long Blades    | 5 6 |  6.6
Stealth        | 9 12 14 15 18 | 18.3
Necromancy     | 1 5 6 13 | 13.4
Axes           | 2 |  2.6
Earth Magic    | 13 | 13.4
Maces & Flails | |  2.0

Action                     |  1- 3 |  4- 6 |  7- 9 | 10-12 | 13-15 | 16-18 | 19-21 | 22-24 | 25-27 || total
---------------------------+-------+-------+-------+-------+-------+-------+-------+-------+-------++-------
  Melee: Mace              |    83 |   150 |    12 |    60 |       |       |       |       |       ||   305
         Short sword       |       |    15 |    57 |       |       |       |       |       |     8 ||    80
         Quarterstaff      |       |       |   151 |   533 |   218 |    71 |       |       |       ||   973
         Flail             |       |       |    16 |     6 |       |       |       |       |       ||    22
         Dagger            |       |       |     1 |     2 |       |       |       |       |       ||     3
         Orcbow            |       |       |     1 |       |       |       |       |       |       ||     1
         Rapier            |       |       |       |       |       |    17 |     1 |       |       ||    18
         Double sword      |       |       |       |       |       |       |       |   334 |   307 ||   641
         Staff             |       |       |       |       |       |       |       |       |    14 ||    14
         Eveningstar       |       |       |       |       |       |       |       |       |     5 ||     5
         Hand axe          |       |       |       |       |       |       |       |       |     4 ||     4
         Broad axe         |       |       |       |       |       |       |       |       |     3 ||     3
   Fire: Sling             |       |    18 |    62 |       |       |       |       |       |       ||    80
         Orcbow            |       |       |    51 |   372 |   447 |   127 |       |       |       ||   997
         Arbalest          |       |       |       |       |       |   142 |       |       |       ||   142
         Longbow           |       |       |       |       |       |   142 |   443 |   505 |   224 ||  1314
  Throw: Dart              |     6 |     5 |       |     1 |     5 |     4 |       |       |       ||    21
         Throwing net      |       |       |     2 |     3 |       |     4 |     1 |       |       ||    10
   Cast: Ozocubu's Armour  |       |       |     1 |    21 |    33 |    17 |     8 |    21 |    13 ||   114
         Sticky Flame      |       |       |       |    51 |   158 |    61 |    59 |    93 |    48 ||   470
         Freezing Cloud    |       |       |       |       |    87 |   172 |   154 |   130 |    79 ||   622
         Fireball          |       |       |       |       |    10 |    26 |    11 |    70 |    20 ||   137
         Plasma Beam       |       |       |       |       |     5 |     2 |       |   107 |   184 ||   298
         Iskenderun's Myst |       |       |       |       |       |    47 |    84 |   100 |   187 ||   418
         Olgreb's Toxic Ra |       |       |       |       |       |    89 |   134 |    74 |    46 ||   343
         Ignite Poison     |       |       |       |       |       |    95 |   146 |    87 |    42 ||   370
         Passage of Golubr |       |       |       |       |       |    13 |    15 |    28 |    73 ||   129
         Stone Arrow       |       |       |       |       |       |     5 |     1 |       |       ||     6
         Conjure Ball Ligh |       |       |       |       |       |       |     6 |    28 |    27 ||    61
         Sublimation of Bl |       |       |       |       |       |       |       |    12 |   735 ||   747
         Fire Storm        |       |       |       |       |       |       |       |       |  1106 ||  1106
         Polar Vortex      |       |       |       |       |       |       |       |       |    83 ||    83
         Lehudib's Crystal |       |       |       |       |       |       |       |       |    28 ||    28
         Apportation       |       |       |       |       |       |       |       |       |     4 ||     4
Ability: Dig               |     2 |       |     1 |     6 |    18 |    10 |     2 |     2 |     3 ||    44
         Shaft Self        |       |     1 |     1 |     5 |     2 |     1 |       |     7 |    10 ||    27
  Evoke: Wand              |       |       |       |     5 |     6 |     3 |       |     1 |     8 ||    23
         Condenser vane    |       |       |       |       |     1 |     2 |       |       |       ||     3
         Lightning rod     |       |       |       |       |       |     2 |     6 |       |       ||     8
         Sack of spiders   |       |       |       |       |       |       |       |     1 |     1 ||     2
         Phantom mirror    |       |       |       |       |       |       |       |       |     1 ||     1
    Use: Scroll            |       |     3 |     9 |     8 |     6 |    10 |     3 |     9 |    35 ||    83
         Potion            |       |       |     1 |     6 |     3 |     4 |     4 |     9 |    53 ||    80
   Stab: Sleeping          |     4 |    20 |     2 |     3 |       |       |     1 |       |     4 ||    34
         Confused          |       |       |     1 |     4 |       |       |       |       |       ||     5
         Paralysed         |       |       |       |     2 |       |     1 |       |       |       ||     3
         Held in net/web   |       |       |       |     2 |       |       |       |       |       ||     2
         Petrified         |       |       |       |       |       |     3 |       |       |       ||     3
         Distracted        |       |       |       |       |       |       |       |     8 |     5 ||    13
 Armour: Leather armour    |    60 |   111 |   150 |   137 |       |       |       |   120 |       ||   578
         Steam dragon scal |       |       |       |   276 |       |       |       |       |       ||   276
         Skin              |       |       |       |     9 |       |    25 |       |       |       ||    34
         Troll leather arm |       |       |       |   118 |   308 |    53 |       |       |       ||   479
         Ring mail         |       |       |       |       |       |   526 |   327 |   594 |   936 ||  2383
         Quicksilver drago |       |       |       |       |       |       |       |       |    38 ||    38
  Dodge: Dodged            |    52 |   108 |   144 |   458 |   171 |   399 |   207 |   420 |   470 ||  2429
  Block: Kite shield       |       |       |       |   329 |   270 |       |       |       |   864 ||  1463
         Buckler           |       |       |       |       |     6 |   335 |   161 |   350 |    17 ||   869
         Reflection        |       |       |       |       |       |       |       |       |    30 ||    30

Table legend: (Time is in decaauts)
 A = Elapsed time spent in this place.
 B = Non-inter-level travel time spent in this place.
 C = Inter-level travel time spent in this place.
 D = Time resting spent in this place.
 E = Time spent auto-exploring this place.
 F = Levels seen in this place.
 G = Mean time per level.
                   A        B        C        D        E       F      G
               +--------+--------+--------+--------+--------+-----+--------+
         Total | 141008 | 122375 |  18633 |  48703 |  30146 |  90 | 1566.8 |
       Dungeon |  28756 |  20309 |   8447 |   4149 |   9095 |  15 | 1917.1 |
        Temple |     31 |      3 |     28 |      0 |      0 |   1 |   31.0 |
          Lair |   9365 |   8046 |   1319 |   2313 |   3259 |   5 | 1873.0 |
        Shoals |   7858 |   7155 |    703 |   2645 |   1462 |   4 | 1964.5 |
   Spider Nest |   8176 |   7599 |    577 |   3398 |   1957 |   4 | 2044.0 |
    Slime Pits |   4201 |   3803 |    398 |   1108 |   1318 |   5 |  840.2 |
  Orcish Mines |   3934 |   3201 |    733 |   1094 |    892 |   2 | 1967.0 |
   Elven Halls |   8038 |   7470 |    568 |   3010 |   1947 |   3 | 2679.3 |
        Vaults |  15922 |  13871 |   2051 |   5663 |   2622 |   5 | 3184.4 |
         Crypt |   7392 |   6687 |    705 |   1921 |   1487 |   3 | 2464.0 |
          Tomb |    847 |    802 |     45 |    206 |     19 |   1 |  847.0 |
        Depths |  18522 |  16895 |   1627 |   8606 |   3268 |   4 | 4630.5 |
          Hell |   2312 |   2053 |    259 |   1285 |    232 |   1 | 2312.0 |
           Dis |     27 |     27 |      0 |      0 |      0 |   1 |   27.0 |
       Gehenna |    965 |    880 |     85 |    337 |     18 |   4 |  241.2 |
       Cocytus |    382 |    382 |      0 |    226 |      0 |   3 |  127.3 |
      Tartarus |    163 |    163 |      0 |     38 |      0 |   2 |   81.5 |
           Zot |  17708 |  16624 |   1084 |   8966 |   2155 |   5 | 3541.6 |
   Pandemonium |   2254 |   2254 |      0 |   1152 |    379 |   1 | 2254.0 |
      Ziggurat |   3786 |   3786 |      0 |   2560 |      0 |  18 |  210.3 |
         Trove |     34 |     34 |      0 |      0 |      2 |   1 |   34.0 |
         Sewer |    301 |    301 |      0 |      4 |     33 |   1 |  301.0 |
        Wizlab |     23 |     23 |      0 |     18 |      0 |   1 |   23.0 |
               +--------+--------+--------+--------+--------+-----+--------+

Top non-repeatable levels by time:
Depths:1: 6357 daAuts
Vaults:2: 4492 daAuts
 Crypt:3: 4299 daAuts
    D:10: 4277 daAuts
Depths:3: 4265 daAuts
Depths:2: 4259 daAuts
   Zot:1: 3923 daAuts
Vaults:3: 3905 daAuts
   Zot:5: 3815 daAuts
   Zot:2: 3687 daAuts
Depths:4: 3639 daAuts
   Elf:3: 3431 daAuts
   Zot:4: 3406 daAuts
Vaults:4: 3046 daAuts
   Zot:3: 2876 daAuts
